Workbook
Name \0: #REF!
Name \1: #REF!
Name \a: #REF!
Name \a: #REF!
Name \b: '[1]Quilometragem de Setor'!#REF!
Name \b: '[1]Quilometragem de Setor'!#REF!
Name \c: #N/A
Name \D: #REF!
Name \df: #N/A
Name \e: #REF!
Name \g: #REF!
Name \i: #REF!
Name \l: #REF!
Name \M: #REF!
Name \O: #REF!
Name \p: #REF!
Name \p: #REF!
Name \p3: #REF!
Name \R: #REF!
Name \s: #REF!
Name \T: #REF!
Name \V: #REF!
Name \x: #REF!
Name \y: #REF!
Name \z: #REF!
Name _: #REF!
Name _\c: #N/A
Name _\e: #REF!
Name _\M: #REF!
Name __\0: #REF!
Name __\a: #REF!
Name __\b: #REF!
Name __\p: #REF!
Name __________________________________\0: #REF!
Name __________________________________\a: #REF!
Name __________________________________\b: #N/A
Name __________________________________\i: #REF!
Name __________________________________\p: #REF!
Name ______________________________________________________xlnm.Print_Titles_2: #REF!
Name ____________________________________________________xlnm.Print_Titles_2: #REF!
Name __________________________________________________xlnm.Print_Titles_2: #REF!
Name ________________________________________________xlnm.Print_Titles_2: #REF!
Name _______________________________________________xlnm.Print_Titles_2: #REF!
Name _____________________________________________xlnm.Print_Titles_2: #REF!
Name ___________________________________________xlnm.Print_Titles_2: #REF!
Name _________________________________________xlnm.Print_Titles_2: #REF!
Name _______________________________________xlnm.Print_Titles_2: #REF!
Name _____________________________________xlnm.Print_Titles_2: #REF!
Name ___________________________________xlnm.Print_Titles_2: #REF!
Name __________________________________xlnm.Print_Titles_2: #REF!
Name _________________________________inv2: #REF!
Name ________________________________inv2: #REF!
Name ________________________________xlnm.Print_Titles_2: #REF!
Name _______________________________inv2: #REF!
Name ______________________________inv2: #REF!
Name ______________________________xlnm.Print_Titles_2: #REF!
Name _____________________________inv2: #REF!
Name ____________________________inv2: #REF!
Name ____________________________xlnm.Print_Titles_2: #REF!
Name ___________________________inv2: #REF!

Sheet Quadro B
C3: QUADRO B - CRONOGRAMA QUANTITATIVO DE SERVIÇOS
C4: ITEM | D4: SERVIÇOS | E4: UNID. | F4: QUANT. MENSAL | G4: QUANT. ANUAL | H4: 1 | I4: =H4+1 -> 2 | J4: =I4+1 -> 3 | K4: =J4+1 -> 4 | L4: =K4+1 -> 5
C5: 1. | D5: COLETA E TRANSPORTE ATÉ O TRANSBORDO DE RESÍDUOS SÓLIDOS DOMICILIARES
C6: 1.1. | D6: Coleta e transporte até o transbordo de resíduos sólidos urbanos e dos oriundos de feiras livres | E6: t. | F6: =+#REF! -> #REF! | G6: =F6*12 -> #REF! | H6: =G6 -> #REF! | I6: =H6 -> #REF! | J6: =I6 -> #REF! | K6: =J6 -> #REF! | L6: =K6 -> #REF!
C7: 1.2. | D7: Coleta manual de resíduos sólidos urbanos | E7: hr. | F7: =+#REF! -> #REF! | G7: =F7*12 -> #REF! | H7: =G7 -> #REF! | I7: =H7 -> #REF! | J7: =I7 -> #REF! | K7: =J7 -> #REF! | L7: =K7 -> #REF!
C8: 1.3. | D8: Manipulação manual de resíduos | E8: hr. | F8: =+#REF! -> #REF! | G8: =F8*12 -> #REF! | H8: =G8 -> #REF! | I8: =H8 -> #REF! | J8: =I8 -> #REF! | K8: =J8 -> #REF! | L8: =K8 -> #REF!
C9: 2. | D9: COLETA DE RESÍDUOS ESPECIAIS
C10: 2.1 | D10: Remoção mecanizada de resíduos especiais com emprego de pá-carregadeira | E10: t. | F10: =+#REF! -> #REF! | G10: =F10*12 -> #REF! | H10: =G10 -> #REF! | I10: =H10 -> #REF! | J10: =I10 -> #REF! | K10: =J10 -> #REF! | L10: =K10 -> #REF!
C11: 2.2 | D11: Remoção mecanizada de resíduos especiais com emprego de mini pá-carregadeira - bob cat | E11: t. | F11: =+#REF! -> #REF! | G11: =F11*12 -> #REF! | H11: =G11 -> #REF! | I11: =H11 -> #REF! | J11: =I11 -> #REF! | K11: =J11 -> #REF! | L11: =K11 -> #REF!
C12: 2.3 | D12: Remoção manual de resíduos especiais
C13: 2.3.1 | D13: Remoção manual de resíduos especiais diurno | E13: t. | F13: =+#REF! -> #REF! | G13: =F13*12 -> #REF! | H13: =G13 -> #REF! | I13: =H13 -> #REF! | J13: =I13 -> #REF! | K13: =J13 -> #REF! | L13: =K13 -> #REF!
C14: 2.3.2 | D14: Remoção manual de resíduos especiais noturno | E14: t. | F14: =+#REF! -> #REF! | G14: =F14*12 -> #REF! | H14: =G14 -> #REF! | I14: =H14 -> #REF! | J14: =I14 -> #REF! | K14: =J14 -> #REF! | L14: =K14 -> #REF!
C15: 2.4 | D15: Remoção de caixas estacionárias com emprego de caminhão poliguindaste | F15: =+#REF! -> #REF! | G15: =F15*12 -> #REF! | H15: =G15 -> #REF! | I15: =H15 -> #REF! | J15: =I15 -> #REF! | K15: =J15 -> #REF! | L15: =K15 -> #REF!
C16: 2.4.1 | D16: Remoção de caixas estacionárias com emprego de caminhão poliguindaste diurno | E16: t. | F16: =+#REF! -> #REF! | G16: =F16*12 -> #REF! | H16: =G16 -> #REF! | I16: =H16 -> #REF! | J16: =I16 -> #REF! | K16: =J16 -> #REF! | L16: =K16 -> #REF!
C17: 2.4.2 | D17: Remoção de caixas estacionárias com emprego de caminhão poliguindaste noturno | E17: t. | F17: =+#REF! -> #REF! | G17: =F17*12 -> #REF! | H17: =G17 -> #REF! | I17: =H17 -> #REF! | J17: =I17 -> #REF! | K17: =J17 -> #REF! | L17: =K17 -> #REF!
C18: 3. | D18: COLETA E TRANSPORTE SELETIVA DE RESÍDUOS
C19: 3.1 | D19: Coleta seletiva com emprego de caminhão baú | E19: t. | F19: =+#REF! -> #REF! | G19: =F19*12 -> #REF! | H19: =G19 -> #REF! | I19: =H19 -> #REF! | J19: =I19 -> #REF! | K19: =J19 -> #REF! | L19: =K19 -> #REF!
C20: 3.2 | D20: Coleta seletiva com emprego de caminhão munck | E20: t. | F20: =+#REF! -> #REF! | G20: =F20*12 -> #REF! | H20: =G20 -> #REF! | I20: =H20 -> #REF! | J20: =I20 -> #REF! | K20: =J20 -> #REF! | L20: =K20 -> #REF!
C21: 3.3 | D21: Coleta seletiva com emprego de caminhão compactador com Lifter | E21: t. | F21: =+#REF! -> #REF! | G21: =F21*12 -> #REF! | H21: =G21 -> #REF! | I21: =H21 -> #REF! | J21: =I21 -> #REF! | K21: =J21 -> #REF! | L21: =K21 -> #REF!
C22: 3.4 | D22: Coleta de resíduos volumosos - "Papa-Móveis" | E22: m3 | F22: =+#REF! -> #REF! | G22: =F22*12 -> #REF! | H22: =G22 -> #REF! | I22: =H22 -> #REF! | J22: =I22 -> #REF! | K22: =J22 -> #REF! | L22: =K22 -> #REF!
C23: 4. | D23: DISPONIBILIZAÇÃO E MANUTENÇÃO DE CAIXAS ESTACIONÁRIAS | E23: und. | F23: =+#REF! -> #REF! | G23: =F23*12 -> #REF! | H23: =G23 -> #REF! | I23: =H23 -> #REF! | J23: =I23 -> #REF! | K23: =J23 -> #REF! | L23: =K23 -> #REF!
C24: 5. | D24: VARRIÇÃO DE VIAS E LIMPEZA DE PRAIAS
C25: 5.1. | D25: Varrição Manual de vias e logradouros públicos | E25: km.meio fio | F25: =+#REF! -> #REF! | G25: =F25*12 -> #REF! | H25: =G25 -> #REF! | I25: =H25 -> #REF! | J25: =I25 -> #REF! | K25: =J25 -> #REF! | L25: =K25 -> #REF!
C26: 5.2. | D26: Varrição Mecanizada de vias públicas | E26: km.meio fio | F26: =+#REF! -> #REF! | G26: =F26*12 -> #REF! | H26: =G26 -> #REF! | I26: =H26 -> #REF! | J26: =I26 -> #REF! | K26: =J26 -> #REF! | L26: =K26 -> #REF!
C27: 5.3. | D27: Limpeza Mecanizada de praias | E27: km | F27: =+#REF! -> #REF! | G27: =F27*12 -> #REF! | H27: =G27 -> #REF! | I27: =$F$27*12 -> #REF! | J27: =I27 -> #REF! | K27: =J27 -> #REF! | L27: =K27 -> #REF!
C28: 6. | D28: SERVIÇOS COMPLEMENTARES
C29: 6.1 | D29: Capina, raspagem e pintura manual de sarjeta e guia (meio fio); limpeza de bueiros (boca de lobo) e valas | E29: t. | F29: =+#REF! -> #REF! | G29: =F29*12 -> #REF! | H29: =G29 -> #REF! | I29: =$F$29*12 -> #REF! | J29: =I29 -> #REF! | K29: =J29 -> #REF! | L29: =K29 -> #REF!
C30: 6.1.1 | D30: Capina, raspagem e pintura manual de sarjeta e guia (meio fio); Domingos e feriados | E30: eq/mês | F30: =+#REF! -> #REF! | G30: =F30*12 -> #REF! | H30: =G30 -> #REF! | I30: =H30 -> #REF! | J30: =I30 -> #REF! | K30: =J30 -> #REF! | L30: =K30 -> #REF!
C31: 6.2 | D31: Roçagem mecanizada | E31: UNID. | F31: =+#REF! -> #REF! | G31: =F31*12 -> #REF! | H31: =G31 -> #REF! | I31: =H31 -> #REF! | J31: =I31 -> #REF! | K31: =J31 -> #REF! | L31: =K31 -> #REF!
C32: 6.3 | D32: Lavagem e desinfecção de vias, pátios de feiras livres e mercados públicos | E32: unid.
C33: 6.3.1 | D33: Lavagem e desinfecção de vias, pátios de feiras livres e mercados públicos diurno | E33: unid. | F33: =+#REF! -> #REF! | G33: =F33*12 -> #REF! | H33: =G33 -> #REF! | I33: =H33 -> #REF! | J33: =I33 -> #REF! | K33: =J33 -> #REF! | L33: =K33 -> #REF!
C34: 6.3.2 | D34: Lavagem e desinfecção de vias, pátios de feiras livres e mercados públicos noturno | E34: unid. | F34: =+#REF! -> #REF! | G34: =F34*12 -> #REF! | H34: =G34 -> #REF! | I34: =H34 -> #REF! | J34: =I34 -> #REF! | K34: =J34 -> #REF! | L34: =K34 -> #REF!
C35: 7. | D35: OPERAÇÃO DE TRANSBORDO DE RESÍDUOS SÓLIDOS DOMICILIARES | E35: t. | F35: =+#REF! -> #REF! | G35: =F35*12 -> #REF! | H35: =G35 -> #REF! | I35: =H35 -> #REF! | J35: =I35 -> #REF! | K35: =J35 -> #REF! | L35: =K35 -> #REF!
C36: 8. | D36: TRANSPORTE DE RESÍDUOS SÓLIDOS URBANOS DO TIPO DOMICILIAR | E36: t. x km | F36: =+#REF! -> #REF! | G36: =F36*12 -> #REF! | H36: =G36 -> #REF! | I36: =H36 -> #REF! | J36: =I36 -> #REF! | K36: =J36 -> #REF! | L36: =K36 -> #REF!
C37: 9. | D37: CARGA E TRANSPORTE DE RESÍDUOS SÓLIDOS ESPECIAIS (INERTES) | E37: t. x km | F37: =+#REF! -> #REF! | G37: =F37*12 -> #REF! | H37: =G37 -> #REF! | I37: =H37 -> #REF! | J37: =I37 -> #REF! | K37: =J37 -> #REF! | L37: =K37 -> #REF!
C38: 10. | D38: ADMINISTRAÇÃO LOCAL | E38: eq. x mês | F38: =+#REF! -> #REF! | G38: =F38*12 -> #REF! | H38: =G38 -> #REF! | I38: =H38 -> #REF! | J38: =I38 -> #REF! | K38: =J38 -> #REF! | L38: =K38 -> #REF!
C40: QUADRO C - MEMÓRIA DE CÁLCULO DO OPEX
C41: ITEM | D41: SERVIÇOS | E41: UNID. | F41: C. UNIT | H41: 1 | I41: =H41+1 -> 2 | J41: =I41+1 -> 3 | K41: =J41+1 -> 4 | L41: =K41+1 -> 5
C42: 1. | D42: COLETA E TRANSPORTE ATÉ O TRANSBORDO DE RESÍDUOS SÓLIDOS DOMICILIARES
C43: 1.1. | D43: Coleta e transporte até o transbordo de resíduos sólidos urbanos e dos oriundos de feiras livres | E43: t. | F43: =+'1. RSD'!$J$284 -> 302.31 | H43: =H6*$F$43 -> #REF! | I43: =I6*$F$43 -> #REF! | J43: =J6*$F$43 -> #REF! | K43: =K6*$F$43 -> #REF! | L43: =L6*$F$43 -> #REF!
C44: 1.2. | D44: Coleta manual de resíduos sólidos urbanos | E44: hr. | F44: =+#REF! -> #REF! | H44: =H7*$F$44 -> #REF! | I44: =I7*$F$44 -> #REF! | J44: =J7*$F$44 -> #REF! | K44: =K7*$F$44 -> #REF! | L44: =L7*$F$44 -> #REF!
C45: 1.3. | D45: Manipulação manual de resíduos | E45: hr. | F45: =+#REF! -> #REF! | H45: =H8*$F$45 -> #REF! | I45: =I8*$F$45 -> #REF! | J45: =J8*$F$45 -> #REF! | K45: =K8*$F$45 -> #REF! | L45: =L8*$F$45 -> #REF!
C46: 2. | D46: COLETA DE RESÍDUOS ESPECIAIS
C47: 2.1 | D47: Remoção mecanizada de resíduos especiais com emprego de pá-carregadeira | E47: t. | F47: =#REF! -> #REF! | H47: =H10*$F$47 -> #REF! | I47: =I10*$F$47 -> #REF! | J47: =J10*$F$47 -> #REF! | K47: =K10*$F$47 -> #REF! | L47: =L10*$F$47 -> #REF!
C48: 2.2 | D48: Remoção mecanizada de resíduos especiais com emprego de mini pá-carregadeira - bob cat | E48: t. | F48: =#REF! -> #REF! | H48: =H11*$F$48 -> #REF! | I48: =I11*$F$48 -> #REF! | J48: =J11*$F$48 -> #REF! | K48: =K11*$F$48 -> #REF! | L48: =L11*$F$48 -> #REF!
C49: 2.3 | D49: Remoção manual de resíduos especiais
C50: 2.3.1 | D50: Remoção manual de resíduos especiais diurno | E50: t. | F50: =#REF! -> #REF! | H50: =H13*$F$50 -> #REF! | I50: =I13*$F$50 -> #REF! | J50: =J13*$F$50 -> #REF! | K50: =K13*$F$50 -> #REF! | L50: =L13*$F$50 -> #REF!
C51: 2.3.2 | D51: Remoção manual de resíduos especiais noturno | E51: t. | F51: =#REF! -> #REF! | H51: =H14*$F$51 -> #REF! | I51: =I14*$F$51 -> #REF! | J51: =J14*$F$51 -> #REF! | K51: =K14*$F$51 -> #REF! | L51: =L14*$F$51 -> #REF!
C52: 2.4 | D52: Remoção de caixas estacionárias com emprego de caminhão poliguindaste
C53: 2.4.1 | D53: Remoção de caixas estacionárias com emprego de caminhão poliguindaste diurno | E53: t. | F53: =#REF! -> #REF! | H53: =H16*$F$53 -> #REF! | I53: =I16*$F$53 -> #REF! | J53: =J16*$F$53 -> #REF! | K53: =K16*$F$53 -> #REF! | L53: =L16*$F$53 -> #REF!
C54: 2.4.2 | D54: Remoção de caixas estacionárias com emprego de caminhão poliguindaste noturno | E54: t. | F54: =#REF! -> #REF! | H54: =H17*$F$54 -> #REF! | I54: =I17*$F$54 -> #REF! | J54: =J17*$F$54 -> #REF! | K54: =K17*$F$54 -> #REF! | L54: =L17*$F$54 -> #REF!
C55: 3. | D55: COLETA E TRANSPORTE SELETIVA DE RESÍDUOS
C56: 3.1 | D56: Coleta seletiva com emprego de caminhão baú | E56: t. | F56: =#REF! -> #REF! | H56: =H19*$F$56 -> #REF! | I56: =I19*$F$56 -> #REF! | J56: =J19*$F$56 -> #REF! | K56: =K19*$F$56 -> #REF! | L56: =L19*$F$56 -> #REF!
C57: 3.2 | D57: Coleta seletiva com emprego de caminhão munck | E57: t. | F57: =#REF! -> #REF! | H57: =H20*$F$57 -> #REF! | I57: =I20*$F$57 -> #REF! | J57: =J20*$F$57 -> #REF! | K57: =K20*$F$57 -> #REF! | L57: =L20*$F$57 -> #REF!
C58: 3.3 | D58: Coleta seletiva com emprego de caminhão compactador com Lifter | E58: t. | F58: =#REF! -> #REF! | H58: =H21*$F$58 -> #REF! | I58: =I21*$F$58 -> #REF! | J58: =J21*$F$58 -> #REF! | K58: =K21*$F$58 -> #REF! | L58: =L21*$F$58 -> #REF!
C59: 3.4 | D59: Coleta de resíduos volumosos - "Papa-Móveis" | E59: m3 | F59: =#REF! -> #REF! | H59: =H22*$F$59 -> #REF! | I59: =I22*$F$59 -> #REF! | J59: =J22*$F$59 -> #REF! | K59: =K22*$F$59 -> #REF! | L59: =L22*$F$59 -> #REF!
C60: 4. | D60: DISPONIBILIZAÇÃO E MANUTENÇÃO DE CAIXAS ESTACIONÁRIAS | E60: und. | F60: =#REF! -> #REF! | H60: =H23*$F$60 -> #REF! | I60: =I23*$F$60 -> #REF! | J60: =J23*$F$60 -> #REF! | K60: =K23*$F$60 -> #REF! | L60: =L23*$F$60 -> #REF!
C61: 5. | D61: VARRIÇÃO DE VIAS E LIMPEZA DE PRAIAS
C62: 5.1. | D62: Varrição Manual de vias e logradouros públicos | E62: km.meio fio | F62: =#REF! -> #REF! | H62: =H25*$F$62 -> #REF! | I62: =I25*$F$62 -> #REF! | J62: =J25*$F$62 -> #REF! | K62: =K25*$F$62 -> #REF! | L62: =L25*$F$62 -> #REF!
C63: 5.2. | D63: Varrição Mecanizada de vias públicas | E63: km.meio fio | F63: =#REF! -> #REF! | H63: =H26*$F$63 -> #REF! | I63: =I26*$F$63 -> #REF! | J63: =J26*$F$63 -> #REF! | K63: =K26*$F$63 -> #REF! | L63: =L26*$F$63 -> #REF!
C64: 5.3. | D64: Limpeza Mecanizada de praias | E64: km | F64: =#REF! -> #REF! | H64: =H27*$F$64 -> #REF! | I64: =I27*$F$64 -> #REF! | J64: =J27*$F$64 -> #REF! | K64: =K27*$F$64 -> #REF! | L64: =L27*$F$64 -> #REF!
C65: 6. | D65: SERVIÇOS COMPLEMENTARES
C66: 6.1 | D66: Capina, raspagem e pintura manual de sarjeta e guia (meio fio); limpeza de bueiros (boca de lobo) e valas | E66: eqxdia | F66: =#REF! -> #REF! | H66: =H29*$F$66 -> #REF! | I66: =I29*$F$66 -> #REF! | J66: =J29*$F$66 -> #REF! | K66: =K29*$F$66 -> #REF! | L66: =L29*$F$66 -> #REF!
C67: 6.1.1 | D67: Capina, raspagem e pintura manual de sarjeta e guia (meio fio); Domingos e feriados | E67: eqxdia | F67: =#REF! -> #REF! | H67: =H30*$F$67 -> #REF! | I67: =I30*$F$67 -> #REF! | J67: =J30*$F$67 -> #REF! | K67: =K30*$F$67 -> #REF! | L67: =L30*$F$67 -> #REF!
C68: 6.2 | D68: Roçagem mecanizada | E68: m² | F68: =#REF! -> #REF! | H68: =H31*$F$68 -> #REF! | I68: =I31*$F$68 -> #REF! | J68: =J31*$F$68 -> #REF! | K68: =K31*$F$68 -> #REF! | L68: =L31*$F$68 -> #REF!
C69: 6.3 | D69: Lavagem e desinfecção de vias, pátios de feiras livres e mercados públicos
C70: 6.3.1 | D70: Lavagem e desinfecção de vias, pátios de feiras livres e mercados públicos diurno | E70: eqxdia | F70: =#REF! -> #REF! | H70: =H33*$F$70 -> #REF! | I70: =I33*$F$70 -> #REF! | J70: =J33*$F$70 -> #REF! | K70: =K33*$F$70 -> #REF! | L70: =L33*$F$70 -> #REF!
C71: 6.3.2 | D71: Lavagem e desinfecção de vias, pátios de feiras livres e mercados públicos noturno | E71: eqxdia | F71: =#REF! -> #REF! | H71: =H34*$F$71 -> #REF! | I71: =I34*$F$71 -> #REF! | J71: =J34*$F$71 -> #REF! | K71: =K34*$F$71 -> #REF! | L71: =L34*$F$71 -> #REF!
C72: 7. | D72: OPERAÇÃO DE TRANSBORDO DE RESÍDUOS SÓLIDOS DOMICILIARES | E72: t. | F72: =#REF! -> #REF! | H72: =H35*$F$72 -> #REF! | I72: =I35*$F$72 -> #REF! | J72: =J35*$F$72 -> #REF! | K72: =K35*$F$72 -> #REF! | L72: =L35*$F$72 -> #REF!
C73: 8. | D73: TRANSPORTE DE RESÍDUOS SÓLIDOS URBANOS DO TIPO DOMICILIAR | E73: t. x km | F73: =#REF! -> #REF! | H73: =H36*$F$73 -> #REF! | I73: =I36*$F$73 -> #REF! | J73: =J36*$F$73 -> #REF! | K73: =K36*$F$73 -> #REF! | L73: =L36*$F$73 -> #REF!
C74: 9. | D74: CARGA E TRANSPORTE DE RESÍDUOS SÓLIDOS ESPECIAIS (INERTES) | E74: t. x km | F74: =#REF! -> #REF! | H74: =H37*$F$74 -> #REF! | I74: =I37*$F$74 -> #REF! | J74: =J37*$F$74 -> #REF! | K74: =K37*$F$74 -> #REF! | L74: =L37*$F$74 -> #REF!
C75: 10. | D75: ADMINISTRAÇÃO LOCAL | E75: eq. x mês | F75: =#REF! -> #REF! | H75: =H38*$F$75 -> #REF! | I75: =I38*$F$75 -> #REF! | J75: =J38*$F$75 -> #REF! | K75: =K38*$F$75 -> #REF! | L75: =L38*$F$75 -> #REF!
C76: TOTAL | H76: =SUM(H43:H75) -> #REF! | I76: =SUM(I43:I75) -> #REF! | J76: =SUM(J43:J75) -> #REF! | K76: =SUM(K43:K75) -> #REF! | L76: =SUM(L43:L75) -> #REF!
C77: CUSTOS COM DEPRECIAÇÕES | H77: =H106 -> #REF! | I77: =I106 -> #REF! | J77: =J106 -> #REF! | K77: =K106 -> #REF! | L77: =L106 -> #REF!
C78: VALOR DO OPEX | H78: =H76-H77 -> #REF! | I78: =I76-I77 -> #REF! | J78: =J76-J77 -> #REF! | K78: =K76-K77 -> #REF! | L78: =L76-L77 -> #REF!
C80: QUADRO D - INVESTIMENTOS EM EQUIPAMENTOS OPERACIONAIS
C81: ITEM | D81: SERVIÇOS | E81: APLICAÇÃO | H81: 1 | I81: =H81+1 -> 2 | J81: =I81+1 -> 3 | K81: =J81+1 -> 4 | L81: =K81+1 -> 5
C82: 1. | D82: Caminhão Compactador de 15 m3 | E82: Coleta de Resíduos Domiciliares | H82: =+'1. RSD'!$L$232 -> 0 | I82: 0 | J82: 0 | K82: 0 | L82: 0
C83: 2. | D83: Caminhão Compactador Carga Lateral | E83: Coleta de Resíduos Domiciliares | H83: =+'1. RSD'!#REF! -> #REF! | I83: 0 | J83: 0 | K83: 0 | L83: 0
C84: 3. | D84: Caminhão Compactador de 6 m3 | E84: Coleta de Resíduos Domiciliares | H84: =+'1. RSD'!#REF! -> #REF! | I84: 0 | J84: 0 | K84: 0 | L84: 0
C85: 4. | D85: Caminhão Basculante de 6 m3 | E85: Remoção Mecanizada de Resíduos Especiais | H85: =+#REF! -> #REF! | I85: 0 | J85: 0 | K85: 0 | L85: 0
C86: 5. | D86: Caminhão Basculante de 6 m3 | E86: Remoção Mecanizada de Resíduos Especiais | H86: =+#REF! -> #REF! | I86: 0 | J86: 0 | K86: 0 | L86: 0
C87: 6. | D87: Caminhão Basculante de 6 m3 | E87: Remoção Mecanizada de Resíduos Especiais Diurno | H87: =+#REF! -> #REF! | I87: 0 | J87: 0 | K87: 0 | L87: 0
C88: 7. | D88: Caminhão Poliguindaste Duplo | E88: Remoção Mecanizada de Resíduos Especiais - Poli | H88: =+#REF! -> #REF! | I88: 0 | J88: 0 | K88: 0 | L88: 0
C89: 8. | D89: Caminhão Carroceria Baú | E89: Coleta Seletiva | H89: =#REF! -> #REF! | I89: 0 | J89: 0 | K89: 0 | L89: 0
C90: 9. | D90: Caminhão Carroceria com Munck | E90: Coleta Seletiva | H90: =#REF! -> #REF! | I90: 0 | J90: 0 | K90: 0 | L90: 0
C91: 10. | D91: Caminhão Compactador de 15 m3 | E91: Coleta Seletiva | H91: =#REF! -> #REF! | I91: 0 | J91: 0 | K91: 0 | L91: 0
C92: 11. | D92: Caminhão Carroceria Baú | E92: Coleta Seletiva | H92: =#REF! -> #REF! | I92: 0 | J92: 0 | K92: 0 | L92: 0
C93: 12. | D93: Caixas Estacionárias | E93: Disponibilização de Caixas Estacionárias | H93: =#REF! -> #REF! | I93: 0 | J93: 0 | K93: 0 | L93: 0
C94: 13. | D94: Ônibus Urbano | E94: Varrição Manual de Vias Públicas | H94: =#REF! -> #REF! | I94: 0 | J94: 0 | K94: 0 | L94: 0
C95: 14. | D95: Varredeira Mecanizada | E95: Varrição Mecanizada de Vias Públicas | H95: =#REF! -> #REF! | I95: 0 | J95: 0 | K95: 0 | L95: 0
C96: 15. | D96: Mini varredeira mecanizada | E96: Varrição Mecanizada de Vias Públicas | H96: =#REF! -> #REF! | I96: 0 | J96: 0 | K96: 0 | L96: 0
C97: 16. | D97: Caminhão Basculante de 6 m3 | E97: Capina e Raspagem | H97: =#REF! -> #REF! | I97: 0 | J97: 0 | K97: 0 | L97: 0
C98: 17. | D98: Caminhão Basculante de 6 m3 | E98: Roçagem mecanizada | H98: =#REF! -> #REF! | I98: 0 | J98: 0 | K98: 0 | L98: 0
C99: 18. | D99: Caminhão Pipa 10 m3 | E99: Lavagem e desinfecção de vias, pátios de feiras livres e mercados públicos | H99: =#REF! -> #REF! | I99: 0 | J99: 0 | K99: 0 | L99: 0
C100: 19. | D100: Carreta de 40 m3 | E100: Transporte de RSU | H100: =#REF! -> #REF! | I100: 0 | J100: 0 | K100: 0 | L100: 0
... C103: 22. | D103: Minivarredeira | E103: Varrição Mecanizada de Vias Públicas | H103: =#REF! -> #REF! | I103: 0 | J103: 0 | K103: 0 | L103: 0
C104: 23. | D104: Caminhão Lava Contêiner | E104: Aux. Coleta de Resíduos Domiciliares | H104: =+#REF! -> #REF! | I104: 0 | J104: 0 | K104: 0 | L104: 0
C105: TOTAL 1° ciclo | H105: =SUM(H82:H104) -> #REF! | I105: =SUM(I82:I104) -> 0 | J105: =SUM(J82:J104) -> 0 | K105: =SUM(K82:K104) -> 0 | L105: =SUM(L82:L104) -> 0
C106: DEPRECIAÇÕES | H106: =H105*0.7/5 -> #REF! | I106: =H106+I105*0.7/5 -> #REF! | J106: =($H$105*0.7)/5+$I$105*0.7/5 -> #REF! | K106: =($H$105*0.7)/5+$I$105*0.7/5 -> #REF! | L106: =($H$105*0.7)/5+$I$105*0.7/5 -> #REF!

Sheet Planilha
C4: PLANILHA DE QUANTIDADES E PREÇOS UNITÁRIOS DE REFERÊNCIA
C5: ITENS | D5: SERVIÇOS | E5: UNID. | F5: QDADE MENSAL | G5: PREÇO UNITÁRIO | H5: TOTAL MENSAL | I5: TOTAL ANUAL
C6: 1. | D6: Coleta de Resíduos Sólidos Domiciliares, Comercial e Público | E6: ton. | F6: 4700 | H6: =F6*G6 -> 0 | I6: =H6*12 -> 0
C7: 2. | D7: Coleta Mecanizada de Resíduos Sólidos Domiciliares, Comercial e Público - Carga Lateral | E7: ton. | F7: 500 | H7: =F7*G7 -> 0 | I7: =H7*12 -> 0
C8: 3. | D8: Coleta Seletiva de Materiais Recicláveis | E8: equipe x mês | F8: 3 | H8: =F8*G8 -> 0 | I8: =H8*12 -> 0
C9: 4. | D9: Transporte de Resíduos Sólidos Domiciliares, Comercial e Público fora do Município | E9: ton. | F9: =F6+F7 -> 5200 | H9: =F9*G9 -> 0 | I9: =H9*12 -> 0
C10: 5. | D10: Remoção de Caçambas Estacionárias | E10: remoção | F10: 100 | H10: =F10*G10 -> 0 | I10: =H10*12 -> 0
C11: 6. | D11: Destinação Final de Resíduos Sólidos Domiciliares, Comercial e Público | E11: ton. | F11: =F6+F7 -> 5200 | H11: =F11*G11 -> 0 | I11: =H11*12 -> 0
C12: 7. | D12: Remoção e Disposição Final de Materias Inertes e RCC | E12: ton. | F12: 1800 | H12: =F12*G12 -> 0 | I12: =H12*12 -> 0
C13: TOTAL | H13: =SUM(H6:H12) -> 0 | I13: =SUM(I6:I12) -> 0
D18: Assinatura do responsável pela elaboração da planilha

Sheet 1. RSD
A3: COMPOSIÇÃO DE PREÇOS UNITÁRIOS
A5: 1. Coleta de Resíduos Sólidos Domiciliares, Comercial e Público
B7: DADOS OPERACIONAIS
B8: Dias no ano: | C8: 365.25 | D8: dias
B9: Domingos no ano: | C9: =C8/7 -> 52.178571 | D9: domingos
B10: Feriados no ano: | C10: 12 | D10: dias
B11: Média dias normais: | C11: =(C8-C9-C10)/12 -> 25.089286 | D11: dias
B12: Média dias coletas: | C12: =(C8-C9)/12 -> 26.089286 | D12: dias
B14: QUANTIDADE: | C14: =+Planilha!$F$6 -> 4700 | D14: t./mês | E14: t./dia
B15: 1º Turno | C15: 0.5 | D15: =TRUNC(C14*C15,2) -> 2350 | E15: =ROUNDUP(D15/$C$17,2) -> 90.08
B16: 2º Turno | C16: =1-C15 -> 0.5 | D16: =TRUNC(C14*C16,2) -> 2350 | E16: =ROUNDUP(D16/$C$17,2) -> 90.08
B17: Dias efetivos: | C17: =C12 -> 26.089286
B19: QUANTIDADE: | E19: t./dia 15 m3
B20: 1º Turno | E20: =E15-F20 -> 90.08
B21: 2º Turno | E21: =E16-F21 -> 90.08
B23: DIMENSIONAMENTO: | D23: SAÍDAS
B24: CAPACIDADE: | C24: 6 | D24: 1º Turno | E24: =ROUNDUP(E20/$C$26,0) -> 8
B25: Q. VIAGENS: | C25: 2 | D25: 2º Turno | E25: =ROUNDUP(E21/$C$26,0) -> 8
B26: PROD xTURNO: | C26: =TRUNC(C24*C25,2) -> 12 | D26: Domingos | E26: 2
B28: CONSTITUIÇÃO DAS GUANIÇÕES:
B29: Coletor Compactador 15 m3
B30: Motorista | C30: 1
B31: Coletor | C31: 3
B33: Veículos
B35: Caminhão Coletor Compactador 15 m³ | D35: Quantidade | E35: Reserva | F35: Km/dia por Veíc. | G35: Km por mês | H35: Efetivo | I35: Reserva
B36: 1º Turno | D36: =E24 -> 8 | E36: 0.1 | F36: =72.48*$C$25 -> 144.96 | G36: =F36*$C$17*D36 -> 30255.223 | H36: =D36 -> 8 | I36: =ROUNDUP(H36*E36,0) -> 1
B37: 2º Turno | D37: =E25 -> 8 | E37: 0 | F37: =F36 -> 144.96 | G37: =F37*$C$17*D37 -> 30255.223 | H37: =D37 -> 8 | I37: =ROUNDUP(H37*E37,0) -> 0
B38: Domingos | D38: =E26 -> 2 | E38: 0 | F38: =F37 -> 144.96 | G38: =F38*4.28*D38*C26 -> 14890.291 | H38: =D38 -> 2 | I38: =ROUNDUP(H38*E38,0) -> 0
B39: Total de Km/mês | G39: =SUM(G36:G38) -> 75400.737
B41: Mão de Obra | H41: Reserva Téc: | I41: 0.1
B43: Mão de Obra Direta | D43: Motorista | G43: Coletor
D44: Quantidade | E44: Reserva | F44: Total | G44: Quantidade | H44: Reserva | I44: Total
B45: 1º Turno | D45: =D36 -> 8 | E45: =ROUNDUP(D45*$I$41,0) -> 1 | F45: =ROUNDUP(D45+E45,0) -> 9 | G45: =D36*3 -> 24 | H45: =ROUNDUP(G45*$I$41,0) -> 3 | I45: =ROUNDUP(G45+H45,0) -> 27
B46: 2º Turno | D46: =D37 -> 8 | E46: =ROUNDUP(D46*$I$41,0) -> 1 | F46: =ROUNDUP(D46+E46,0) -> 9 | G46: =D37*3 -> 24 | H46: =ROUNDUP(G46*$I$41,0) -> 3 | I46: =ROUNDUP(G46+H46,0) -> 27
B47: Domingos | D47: 1 | E47: 0 | F47: =ROUNDUP(D47+E47,0) -> 1 | G47: =D38*3 -> 6 | H47: =ROUNDUP(G47*$I$41,0) -> 1 | I47: =ROUNDUP(G47+H47,0) -> 7
B48: Total de Funcionários | D48: =SUM(D45:D47) -> 17 | E48: =SUM(E45:E47) -> 2 | F48: =SUM(F45:F47) -> 19 | G48: =SUM(G45:G47) -> 54 | H48: =SUM(H45:H47) -> 7 | I48: =SUM(I45:I47) -> 61
A50: I | B50: PESSOAL, REMUNERAÇÃO E ENCARGOS SOCIAIS
B52: Motorista | E52: Quant | G52: Valor Mensal | I52: Subtotal
B53: Salário Base | E53: 1 | F53: x R$ | G53: =+Dados!$I$7 -> 3319.996 | H53: = R$ | I53: =E53*G53 -> 3319.996
B54: Hora Extra | E54: =C17*1.5 -> 39.133929 | F54: x R$ | G54: =(G53+G56)/220*1.5 -> 24.846791 | H54: = R$ | I54: =E54*G54 -> 972.35254
B55: Reflexo no DSR - H.E. 50% | E55: =((E54/26.08)*(($C$9+$C$10)/12)) -> 8.0251778 | F55: x R$ | G55: =((G53+G56)/220*1.5) -> 24.846791 | H55: = R$ | I55: =E55*G55 -> 199.39991
B56: Insalubridade (% Sal. Mín.) | D56: 0.2 | E56: =E53 -> 1 | F56: x R$ | G56: =+Dados!$I$45*D56 -> 324.2 | H56: = R$ | I56: =E56*G56 -> 324.2
B57: Domingos/Feriados - H.E. 100% | E57: =(($C$10*7.33+7.33*0.1)/12) -> 7.3910833 | F57: x R$ | G57: =(G53+G56)/220*2 -> 33.129055 | H57: = R$ | I57: =E57*G57 -> 244.8596
B58: Reflexo no DSR - H.E. 100% | E58: =(E57/26.08*(($C$9+$C$10)/12)) -> 1.5156863 | F58: x R$ | G58: =((G53+G56)/220*2) -> 33.129055 | H58: = R$ | I58: =E58*G58 -> 50.213253
B59: Adicional Noturno | E59: =C16 -> 0.5 | F59: x R$ | G59: =G53*14.48% -> 480.73542 | H59: = R$ | I59: =E59*G59 -> 240.36771
B60: Encargos Sociais | D60: =Encargos!$D$37 -> 0.7302 | H60: = R$ | I60: =TRUNC(SUM(I53:I59)*D60,2) -> 3907.58
B61: Assistência Médica e Seguro de Vida | E61: 1 | F61: x R$ | G61: =+Dados!$I$14 -> 265.6 | H61: = R$ | I61: =E61*G61 -> 265.6
B62: PPR | D62: 0 | E62: 1 | G62: =+Dados!$I$18 -> 137.04 | H62: = R$ | I62: =E62*G62 -> 137.04
B63: Total Motorista | F63: x R$ | G63: =SUM(I53:I63) -> 9661.609 | I63: = R$ | J63: =G63 -> 9661.609
B65: Coletor | E65: Quant | G65: Valor Mensal | I65: Subtotal
B66: Salário Base | E66: 1 | F66: x R$ | G66: =+Dados!$I$8 -> 1845.108 | H66: = R$ | I66: =E66*G66 -> 1845.108
B67: Hora Extra | E67: =E54 -> 39.133929 | F67: x R$ | G67: =(G66+G69)/220*1.5 -> 17.001191 | H67: = R$ | I67: =E67*G67 -> 665.32339
B68: Reflexo no DSR - H.E. 50% | E68: =((E67/26.08)*(($C$9+$C$10)/12)) -> 8.0251778 | F68: x R$ | G68: =((G66+G69)/220*1.5) -> 17.001191 | H68: = R$ | I68: =E68*G68 -> 136.43758
B69: Insalubridade (% Sal. Mín.) | D69: 0.4 | E69: =E66 -> 1 | F69: x R$ | G69: =+Dados!$I$45*D69 -> 648.4 | H69: = R$ | I69: =E69*G69 -> 648.4
B70: Domingos/Feriados | E70: =E57 -> 7.3910833 | F70: x R$ | G70: =(G66+G69)/220*2 -> 22.668255 | H70: = R$ | I70: =E70*G70 -> 167.54296
B71: Reflexo no DSR - H.E. 100% | E71: =(E70/26.08*(($C$9+$C$10)/12)) -> 1.5156863 | F71: x R$ | G71: =((G66+G69)/220*2) -> 22.668255 | H71: = R$ | I71: =E71*G71 -> 34.357962
B72: Adicional Noturno | E72: =C16 -> 0.5 | F72: x R$ | G72: =G66*14.48% -> 267.17164 | H72: = R$ | I72: =E72*G72 -> 133.58582
B73: Encargos Sociais | D73: =Encargos!D37 -> 0.7302 | H73: = R$ | I73: =TRUNC(SUM(I66:I72)*D73,2) -> 2651.17
B74: Assistência Médica e Seguro de Vida | E74: 1 | F74: x R$ | G74: =+Dados!$I$14 -> 265.6 | H74: = R$ | I74: =E74*G74 -> 265.6
B75: PPR | E75: 1 | G75: =+Dados!$I$17 -> 29.699167 | H75: = R$ | I75: =E75*G75 -> 29.699167
B76: Total Coletor | F76: x R$ | G76: =SUM(I66:I76) -> 6577.2249 | I76: = R$ | J76: =G76 -> 6577.2249
B78: Fiscal de Coleta | E78: Quant | G78: Valor Mensal | I78: Subtotal
B79: Salário Base | E79: 1 | F79: x R$ | G79: =+Dados!$I$12 -> 2573.0183 | H79: = R$ | I79: =E79*G79 -> 2573.0183
B80: Hora Extra | E80: =E54 -> 39.133929 | F80: x R$ | G80: =G79/220*1.5 -> 17.543307 | H80: = R$ | I80: =E80*G80 -> 686.53851
B81: Reflexo no DSR - H.E. 50% | E81: =((E80/26.08)*(($C$9+$C$10)/12)) -> 8.0251778 | F81: x R$ | G81: =((G79+G82)/220*1.5) -> 17.543307 | H81: = R$ | I81: =E81*G81 -> 140.78815
B82: Insalubridade (% Sal. Mín.) | D82: 0 | E82: =E79 -> 1 | F82: x R$ | G82: =+Dados!$I$45*D82 -> 0 | H82: = R$ | I82: =E82*G82 -> 0
B83: Domingos/Feriados | E83: =E57 -> 7.3910833 | F83: x R$ | G83: =G79/220*2 -> 23.391075 | H83: = R$ | I83: =E83*G83 -> 172.88539
B84: Reflexo no DSR - H.E. 100% | E84: =(E83/26.08*(($C$9+$C$10)/12)) -> 1.5156863 | F84: x R$ | G84: =((G79+G82)/220*2) -> 23.391075 | H84: = R$ | I84: =E84*G84 -> 35.453532
B85: Adicional Noturno | E85: =C16 -> 0.5 | F85: x R$ | G85: =G79*14.48% -> 372.57305 | H85: = R$ | I85: =E85*G85 -> 186.28652
B86: Encargos Sociais | D86: =Encargos!$D$37 -> 0.7302 | H86: = R$ | I86: =TRUNC(SUM(I79:I85)*D86,2) -> 2771.08
B87: Assistência Médica e Seguro de Vida | E87: 1 | F87: x R$ | G87: =+Dados!$I$14 -> 265.6 | H87: = R$ | I87: =E87*G87 -> 265.6
B88: PPR | E88: 1 | G88: =+Dados!$I$17 -> 29.699167 | H88: = R$ | I88: =E88*G88 -> 29.699167
B89: Total Fiscal de Coleta | F89: x R$ | G89: =SUM(I79:I89) -> 6861.3496 | I89: = R$ | J89: =G89 -> 6861.3496
B91: Encarregado | E91: Quant | G91: Valor Mensal | I91: Subtotal
B92: Salário Base | E92: 1 | F92: x R$ | G92: =+Dados!$I$9 -> 8059.15 | H92: = R$ | I92: =E92*G92 -> 8059.15
B93: Hora Extra | E93: =E54 -> 39.133929 | F93: x R$ | G93: =G92/220*1.5 -> 54.94875 | H93: = R$ | I93: =E93*G93 -> 2150.3605
B94: Reflexo no DSR - H.E. 50% | E94: =((E93/26.08)*(($C$9+$C$10)/12)) -> 8.0251778 | F94: x R$ | G94: =((G92+G95)/220*1.5) -> 54.94875 | H94: = R$ | I94: =E94*G94 -> 440.97349
B95: Insalubridade (% Sal. Mín.) | D95: 0 | E95: =E92 -> 1 | F95: x R$ | G95: =+Dados!$I$45*D95 -> 0 | H95: = R$ | I95: =E95*G95 -> 0
B96: Domingos/Feriados | E96: =E57 -> 7.3910833 | F96: x R$ | G96: =G92/220*2 -> 73.265 | H96: = R$ | I96: =E96*G96 -> 541.50772
B97: Reflexo no DSR - H.E. 100% | E97: =(E96/26.08*(($C$9+$C$10)*7.33/12)) -> 11.10998 | F97: x R$ | G97: =((G92+G95)/220*2) -> 73.265 | H97: = R$ | I97: =E97*G97 -> 813.9727
B98: Adicional Noturno | E98: 0.5 | F98: x R$ | G98: =G92*14.48% -> 1166.9649 | H98: = R$ | I98: =E98*G98 -> 583.48246
B99: Encargos Sociais | D99: =Encargos!$D$37 -> 0.7302 | H99: = R$ | I99: =TRUNC(SUM(I92:I98)*D99,2) -> 9192.81
B100: Assistência Médica e Seguro de Vida | E100: 1 | F100: x R$ | G100: =+Dados!$I$14 -> 265.6 | H100: = R$ | I100: =E100*G100 -> 265.6
B101: PPR | E101: 1 | G101: =+Dados!$I$17 -> 29.699167 | H101: = R$ | I101: =E101*G101 -> 29.699167
B102: Total Encarregado | F102: x R$ | G102: =SUM(I92:I102) -> 22077.556 | I102: = R$ | J102: =G102 -> 22077.556
B104: TOTAL PESSOAL, REMUNERAÇÃO E ENCARGOS SOCIAIS
E105: Quant | G105: Valor Unitário | I105: Subtotal
B106: Motorista | E106: =F48 -> 19 | G106: =J63 -> 9661.609 | I106: =G106*E106 -> 183570.57
B107: Coletor | E107: =I48 -> 61 | G107: =J76 -> 6577.2249 | I107: =G107*E107 -> 401210.72
B108: Fiscal de Coleta | E108: 2 | G108: =J89 -> 6861.3496 | I108: =G108*E108 -> 13722.699
B109: Encarregado | E109: 2 | G109: =J102 -> 22077.556 | I109: =G109*E109 -> 44155.112
I110: = R$ | J110: =SUM(I106:I109) -> 642659.1
A113: II | B113: UNIFORMES E EPI'S
B115: Motorista | E115: Quant | G115: Valor Unit | I115: Subtotal
D116: Calça | E116: 3 | F116: un./ano x R$ | G116: =+Dados!$I$21 -> 99.21 | H116: /un. ÷ 12 | I116: =E116*G116/12 -> 24.8025
D117: Camisa | E117: 3 | F117: un./ano x R$ | G117: =+Dados!$I$22 -> 99.21 | H117: /un. ÷ 12 | I117: =E117*G117/12 -> 24.8025
D118: Boné | E118: 2 | F118: un./ano x R$ | G118: =+Dados!$I$24 -> 28.61 | H118: /un. ÷ 12 | I118: =E118*G118/12 -> 4.7683333
D119: Sapato | E119: 4 | F119: par/ano x R$ | G119: =+Dados!$I$23 -> 84.88 | H119: /par ÷ 12 | I119: =E119*G119/12 -> 28.293333
B120: Custo Uniformes Motorista | E120: 1 | F120: Motorista | H120: x R$ | I120: =SUM(I116:I119) -> 82.666667 | J120: =E120*I120 -> 82.666667
B122: Coletor | E122: Quant | G122: Valor Unit | I122: Subtotal
...

Sheet 2. RSDMEC
A2: COMPOSIÇÃO DE PREÇOS UNITÁRIOS
A4: 2. Coleta Mecanizada de Resíduos Sólidos Domiciliares, Comercial e Público
B6: DADOS OPERACIONAIS
B7: Dias no ano: | C7: 365.25 | D7: dias
B8: Domingos no ano: | C8: =C7/7 -> 52.178571 | D8: domingos
B9: Feriados no ano: | C9: 12 | D9: dias
B10: Média dias normais: | C10: =(C7-C8-C9)/12 -> 25.089286 | D10: dias
B11: Média dias coletas: | C11: =(C7-C8)/12 -> 26.089286 | D11: dias
B13: QUANTIDADE: | C13: =+Planilha!$F$7 -> 500 | D13: t./mês | E13: t./dia
B14: 1º Turno | C14: 1 | D14: =TRUNC(C13*C14,2) -> 500 | E14: =ROUNDUP(D14/$C$16,2) -> 19.17
B15: 2º Turno | C15: =1-C14 -> 0 | D15: =TRUNC(C13*C15,2) -> 0 | E15: =ROUNDUP(D15/$C$16,2) -> 0
B16: Dias efetivos: | C16: =C11 -> 26.089286
B18: QUANTIDADE: | E18: t./dia 19 m3
B19: 1º Turno | E19: =E14-F19 -> 19.17
B20: 2º Turno | E20: =E15-F20 -> 0
B22: DIMENSIONAMENTO: | D22: SAÍDAS
B23: CAPACIDADE: | C23: 10 | D23: 1º Turno | E23: =ROUNDUP(E19/$C$25,0) -> 1
B24: Q. VIAGENS: | C24: 2 | D24: 2º Turno | E24: =ROUNDUP(E20/$C$25,0) -> 0
B25: PROD xTURNO: | C25: =TRUNC(C23*C24,2) -> 20 | D25: Domingos | E25: 0
B27: CONSTITUIÇÃO DAS GUANIÇÕES:
B28: Coletor Compactador 19 m3 - Carga Lateral
B29: Motorista | C29: 1
B30: Coletor | C30: 3
B32: Veículos
B34: Caminhão Coletor Compactador 19 m³ | D34: Quantidade | E34: Reserva | F34: Km/dia por Veíc. | G34: Km por mês | H34: Efetivo | I34: Reserva
B35: 1º Turno | D35: =E23 -> 1 | E35: 0.1 | F35: =74*$C$24 -> 148 | G35: =F35*$C$16*D35 -> 3861.2143 | H35: =D35 -> 1 | I35: =ROUNDUP(H35*E35,0) -> 1
B36: 2º Turno | D36: =E24 -> 0 | E36: 0 | F36: 0 | G36: =F36*$C$16*D36 -> 0 | H36: =D36 -> 0 | I36: =ROUNDUP(H36*E36,0) -> 0
B37: Domingos | D37: =E25 -> 0 | E37: 0 | F37: =F36 -> 0 | G37: =F37*4.28*D37*C25 -> 0 | H37: =D37 -> 0 | I37: =ROUNDUP(H37*E37,0) -> 0
B38: Total de Km/mês | G38: =SUM(G35:G37) -> 3861.2143
B40: Mão de Obra | H40: Reserva Téc: | I40: 0.1
B42: Mão de Obra Direta | D42: Motorista | G42: Coletor
D43: Quantidade | E43: Reserva | F43: Total | G43: Quantidade | H43: Reserva | I43: Total
B44: 1º Turno | D44: =D35 -> 1 | E44: 0 | F44: =ROUNDUP(D44+E44,0) -> 1 | G44: =D35*3 -> 3 | H44: 0 | I44: =ROUNDUP(G44+H44,0) -> 3
B45: 2º Turno | D45: =D36 -> 0 | E45: =ROUNDUP(D45*$I$40,0) -> 0 | F45: =ROUNDUP(D45+E45,0) -> 0 | G45: =D36*3 -> 0 | H45: =ROUNDUP(G45*$I$40,0) -> 0 | I45: =ROUNDUP(G45+H45,0) -> 0
B46: Domingos | D46: 0 | E46: =ROUNDUP(D46*$I$40,1) -> 0 | F46: =ROUNDUP(D46+E46,0) -> 0 | G46: =D37*3 -> 0 | H46: =ROUNDUP(G46*$I$40,0) -> 0 | I46: =ROUNDUP(G46+H46,0) -> 0
B47: Total de Funcionários | D47: =SUM(D44:D46) -> 1 | E47: =SUM(E44:E46) -> 0 | F47: =SUM(F44:F46) -> 1 | G47: =SUM(G44:G46) -> 3 | H47: =SUM(H44:H46) -> 0 | I47: =SUM(I44:I46) -> 3
A49: I | B49: PESSOAL, REMUNERAÇÃO E ENCARGOS SOCIAIS
B51: Motorista | E51: Quant | G51: Valor Mensal | I51: Subtotal
B52: Salário Base | E52: 1 | F52: x R$ | G52: =+Dados!$I$7 -> 3319.996 | H52: = R$ | I52: =E52*G52 -> 3319.996
B53: Hora Extra | E53: 0 | F53: x R$ | G53: =(G52+G55)/220*1.5 -> 24.846791 | H53: = R$ | I53: =E53*G53 -> 0
B54: Reflexo no DSR - H.E. 50% | E54: =((E53/26.08)*(($C$8+$C$9)/12)) -> 0 | F54: x R$ | G54: =((G52+G55)/220*1.5) -> 24.846791 | H54: = R$ | I54: =E54*G54 -> 0
B55: Insalubridade (% Sal. Mín.) | D55: 0.2 | E55: =E52 -> 1 | F55: x R$ | G55: =+Dados!$I$45*D55 -> 324.2 | H55: = R$ | I55: =E55*G55 -> 324.2
B56: Domingos/Feriados - H.E. 100% | E56: =(($C$9*7.33+7.33*0.1)/12) -> 7.3910833 | F56: x R$ | G56: =(G52+G55)/220*2 -> 33.129055 | H56: = R$ | I56: =E56*G56 -> 244.8596
B57: Reflexo no DSR - H.E. 100% | E57: =(E56/26.08*(($C$8+$C$9)/12)) -> 1.5156863 | F57: x R$ | G57: =((G52+G55)/220*2) -> 33.129055 | H57: = R$ | I57: =E57*G57 -> 50.213253
B58: Adicional Noturno | E58: =C15 -> 0 | F58: x R$ | G58: =G52*14.48% -> 480.73542 | H58: = R$ | I58: =E58*G58 -> 0
B59: Encargos Sociais | D59: =Encargos!$D$37 -> 0.7302 | H59: = R$ | I59: =TRUNC(SUM(I52:I58)*D59,2) -> 2876.45
B60: Assistência Médica e Seguro de Vida | E60: 1 | F60: x R$ | G60: =+Dados!$I$14 -> 265.6 | H60: = R$ | I60: =E60*G60 -> 265.6
B61: PPR | E61: 1 | G61: =+Dados!$I$18 -> 137.04 | H61: = R$ | I61: =E61*G61 -> 137.04
B62: Total Motorista | F62: x R$ | G62: =SUM(I52:I62) -> 7218.3589 | I62: = R$ | J62: =G62 -> 7218.3589
B64: Coletor | E64: Quant | G64: Valor Mensal | I64: Subtotal
B65: Salário Base | E65: 1 | F65: x R$ | G65: =+Dados!$I$8 -> 1845.108 | H65: = R$ | I65: =E65*G65 -> 1845.108
B66: Hora Extra | E66: =E53 -> 0 | F66: x R$ | G66: =(G65+G68)/220*1.5 -> 17.001191 | H66: = R$ | I66: =E66*G66 -> 0
B67: Reflexo no DSR - H.E. 50% | E67: =((E66/26.08)*(($C$8+$C$9)/12)) -> 0 | F67: x R$ | G67: =((G65+G68)/220*1.5) -> 17.001191 | H67: = R$ | I67: =E67*G67 -> 0
B68: Insalubridade (% Sal. Mín.) | D68: 0.4 | E68: =E65 -> 1 | F68: x R$ | G68: =+Dados!$I$45*D68 -> 648.4 | H68: = R$ | I68: =E68*G68 -> 648.4
B69: Domingos/Feriados | E69: =E56 -> 7.3910833 | F69: x R$ | G69: =(G65+G68)/220*2 -> 22.668255 | H69: = R$ | I69: =E69*G69 -> 167.54296
B70: Reflexo no DSR - H.E. 100% | E70: =(E69/26.08*(($C$8+$C$9)/12)) -> 1.5156863 | F70: x R$ | G70: =((G65+G68)/220*2) -> 22.668255 | H70: = R$ | I70: =E70*G70 -> 34.357962
B71: Adicional Noturno | E71: =C15 -> 0 | F71: x R$ | G71: =G65*14.48% -> 267.17164 | H71: = R$ | I71: =E71*G71 -> 0
B72: Encargos Sociais | D72: =Encargos!D37 -> 0.7302 | H72: = R$ | I72: =TRUNC(SUM(I65:I71)*D72,2) -> 1968.18
B73: Assistência Médica e Seguro de Vida | E73: 1 | F73: x R$ | G73: =+Dados!$I$14 -> 265.6 | H73: = R$ | I73: =E73*G73 -> 265.6
B74: PPR | E74: 1 | G74: =+Dados!$I$17 -> 29.699167 | H74: = R$ | I74: =E74*G74 -> 29.699167
B75: Total Coletor | F75: x R$ | G75: =SUM(I65:I75) -> 4958.8881 | I75: = R$ | J75: =G75 -> 4958.8881
B77: Fiscal de Coleta | E77: Quant | G77: Valor Mensal | I77: Subtotal
B78: Salário Base | E78: 1 | F78: x R$ | G78: =+Dados!$I$12 -> 2573.0183 | H78: = R$ | I78: =E78*G78 -> 2573.0183
B79: Hora Extra | E79: =E53 -> 0 | F79: x R$ | G79: =G78/220*1.5 -> 17.543307 | H79: = R$ | I79: =E79*G79 -> 0
B80: Reflexo no DSR - H.E. 50% | E80: =((E79/26.08)*(($C$8+$C$9)/12)) -> 0 | F80: x R$ | G80: =((G78+G81)/220*1.5) -> 17.543307 | H80: = R$ | I80: =E80*G80 -> 0
B81: Insalubridade (% Sal. Mín.) | D81: 0 | E81: =E78 -> 1 | F81: x R$ | G81: =+Dados!$I$45*D81 -> 0 | H81: = R$ | I81: =E81*G81 -> 0
B82: Domingos/Feriados | E82: =E56 -> 7.3910833 | F82: x R$ | G82: =G78/220*2 -> 23.391075 | H82: = R$ | I82: =E82*G82 -> 172.88539
B83: Reflexo no DSR - H.E. 100% | E83: =(E82/26.08*(($C$8+$C$9)/12)) -> 1.5156863 | F83: x R$ | G83: =((G78+G81)/220*2) -> 23.391075 | H83: = R$ | I83: =E83*G83 -> 35.453532
B84: Adicional Noturno | E84: =C15 -> 0 | F84: x R$ | G84: =G78*14.48% -> 372.57305 | H84: = R$ | I84: =E84*G84 -> 0
B85: Encargos Sociais | D85: =Encargos!$D$37 -> 0.7302 | H85: = R$ | I85: =TRUNC(SUM(I78:I84)*D85,2) -> 2030.94
B86: Assistência Médica e Seguro de Vida | E86: 1 | F86: x R$ | G86: =+Dados!$I$14 -> 265.6 | H86: = R$ | I86: =E86*G86 -> 265.6
B87: PPR | E87: 1 | G87: =+Dados!$I$17 -> 29.699167 | H87: = R$ | I87: =E87*G87 -> 29.699167
B88: Total Fiscal de Coleta | F88: x R$ | G88: =SUM(I78:I88) -> 5107.5964 | I88: = R$ | J88: =G88 -> 5107.5964
B90: Encarregado | E90: Quant | G90: Valor Mensal | I90: Subtotal
B91: Salário Base | E91: 1 | F91: x R$ | G91: =+Dados!$I$9 -> 8059.15 | H91: = R$ | I91: =E91*G91 -> 8059.15
B92: Hora Extra | E92: =E53 -> 0 | F92: x R$ | G92: =G91/220*1.5 -> 54.94875 | H92: = R$ | I92: =E92*G92 -> 0
B93: Reflexo no DSR - H.E. 50% | E93: =((E92/26.08)*(($C$8+$C$9)/12)) -> 0 | F93: x R$ | G93: =((G91+G94)/220*1.5) -> 54.94875 | H93: = R$ | I93: =E93*G93 -> 0
B94: Insalubridade (% Sal. Mín.) | D94: 0 | E94: =E91 -> 1 | F94: x R$ | G94: =+Dados!$I$45*D94 -> 0 | H94: = R$ | I94: =E94*G94 -> 0
B95: Domingos/Feriados | E95: =E56 -> 7.3910833 | F95: x R$ | G95: =G91/220*2 -> 73.265 | H95: = R$ | I95: =E95*G95 -> 541.50772
B96: Reflexo no DSR - H.E. 100% | E96: =(E95/26.08*(($C$8+$C$9)*7.33/12)) -> 11.10998 | F96: x R$ | G96: =((G91+G94)/220*2) -> 73.265 | H96: = R$ | I96: =E96*G96 -> 813.9727
B97: Adicional Noturno | E97: 0.5 | F97: x R$ | G97: =G91*14.48% -> 1166.9649 | H97: = R$ | I97: =E97*G97 -> 583.48246
B98: Encargos Sociais | D98: =Encargos!$D$37 -> 0.7302 | H98: = R$ | I98: =TRUNC(SUM(I91:I97)*D98,2) -> 7300.62
B99: Assistência Médica e Seguro de Vida | E99: 1 | F99: x R$ | G99: =+Dados!$I$14 -> 265.6 | H99: = R$ | I99: =E99*G99 -> 265.6
B100: PPR | E100: 1 | G100: =+Dados!$I$17 -> 29.699167 | H100: = R$ | I100: =E100*G100 -> 29.699167
B101: Total Encarregado | F101: x R$ | G101: =SUM(I91:I101) -> 17594.032 | I101: = R$ | J101: =G101 -> 17594.032
B103: TOTAL PESSOAL, REMUNERAÇÃO E ENCARGOS SOCIAIS
E104: Quant | G104: Valor Unitário | I104: Subtotal
B105: Motorista | E105: =F47 -> 1 | G105: =J62 -> 7218.3589 | I105: =G105*E105 -> 7218.3589
B106: Coletor | E106: =I47 -> 3 | G106: =J75 -> 4958.8881 | I106: =G106*E106 -> 14876.664
B107: Fiscal de Coleta | E107: 2 | G107: =J88 -> 5107.5964 | I107: =G107*E107 -> 10215.193
B108: Encarregado | E108: 2 | G108: =J101 -> 17594.032 | I108: =G108*E108 -> 35188.064
I109: = R$ | J109: =SUM(I105:I108) -> 67498.28
A112: II | B112: UNIFORMES E EPI'S
B114: Motorista | E114: Quant | G114: Valor Unit | I114: Subtotal
D115: Calça | E115: 3 | F115: un./ano x R$ | G115: =+Dados!$I$21 -> 99.21 | H115: /un. ÷ 12 | I115: =E115*G115/12 -> 24.8025
D116: Camisa | E116: 3 | F116: un./ano x R$ | G116: =+Dados!$I$22 -> 99.21 | H116: /un. ÷ 12 | I116: =E116*G116/12 -> 24.8025
D117: Boné | E117: 2 | F117: un./ano x R$ | G117: =+Dados!$I$24 -> 28.61 | H117: /un. ÷ 12 | I117: =E117*G117/12 -> 4.7683333
D118: Sapato | E118: 4 | F118: par/ano x R$ | G118: =+Dados!$I$23 -> 84.88 | H118: /par ÷ 12 | I118: =E118*G118/12 -> 28.293333
B119: Custo Uniformes Motorista | E119: 1 | F119: Motorista | H119: x R$ | I119: =SUM(I115:I118) -> 82.666667 | J119: =E119*I119 -> 82.666667
B121: Coletor | E121: Quant | G121: Valor Unit | I121: Subtotal
...

Sheet 3. Seletiva
A2: COMPOSIÇÃO DE PREÇOS UNITÁRIOS
A4: 3. Coleta Seletiva de Materiais Recicláveis
B6: DADOS OPERACIONAIS
B7: Dias no ano: | C7: 365.25 | D7: dias
B8: Domingos no ano: | C8: =C7/7 -> 52.178571 | D8: domingos
B9: Feriados no ano: | C9: 12 | D9: dias
B10: Média dias normais: | C10: =(C7-C8-C9)/12 -> 25.089286 | D10: dias
B11: Média dias coletas: | C11: =(C7-C8)/12 -> 26.089286 | D11: dias
B13: QUANTIDADE: | C13: =+Planilha!$F$8 -> 3 | D13: eq/mês | E13: eq/dia
B14: 1º Turno | C14: 1 | D14: =TRUNC(C13*C14,2) -> 3 | E14: =D14 -> 3
B15: 2º Turno | C15: =1-C14 -> 0 | D15: =TRUNC(C13*C15,2) -> 0 | E15: =D15 -> 0
B16: Dias efetivos: | C16: =C10 -> 25.089286
B18: CONSTITUIÇÃO DAS GUANIÇÕES:
B19: Coletor Baú 30 m3 | C19: 1
B20: Motorista | C20: 1
B21: Coletor | C21: 2
B23: Veículos
B25: Caminhão Carroceria Baú | D25: Quantidade | E25: Reserva | F25: Km/dia por Veíc. | G25: Km por mês | H25: Efetivo | I25: Reserva
B26: 1º Turno | D26: =E14 -> 3 | E26: 0.1 | F26: 55 | G26: =F26*$C$16*D26 -> 4139.7321 | H26: =D26 -> 3 | I26: =ROUNDUP(H26*E26,0) -> 1
B27: 2º Turno | D27: =E15 -> 0 | E27: 0 | F27: 0 | G27: =F27*$C$16*D27 -> 0 | H27: =D27 -> 0 | I27: =ROUNDUP(H27*E27,0) -> 0
B28: Domingos | D28: 0 | E28: 0 | F28: 0 | G28: =F28*$C$16*D28 -> 0 | H28: =D28 -> 0 | I28: =ROUNDUP(H28*E28,0) -> 0
B29: Total de Km/mês | G29: =SUM(G26:G28) -> 4139.7321
B31: Mão de Obra | H31: Reserva Téc: | I31: 0.1
B33: Mão de Obra Direta | D33: Motorista | G33: Coletor
D34: Quantidade | E34: Reserva | F34: Total | G34: Quantidade | H34: Reserva | I34: Total
B35: 1º Turno | D35: =D26 -> 3 | E35: =ROUNDUP(D35*$I$31,0) -> 1 | F35: =ROUNDUP(D35+E35,0) -> 4 | G35: =C21 -> 2 | H35: =ROUNDUP(G35*$I$31,0) -> 1 | I35: =ROUNDUP(G35+H35,0) -> 3
B36: 2º Turno | D36: =D27 -> 0 | E36: =ROUNDUP(D36*$I$31,0) -> 0 | F36: =ROUNDUP(D36+E36,0) -> 0 | G36: 0 | H36: =ROUNDUP(G36*$I$31,0) -> 0 | I36: =ROUNDUP(G36+H36,0) -> 0
B37: Domingos | D37: 0 | E37: =ROUNDUP(D37*$I$31,0) -> 0 | F37: =ROUNDUP(D37+E37,0) -> 0 | G37: 0 | H37: =ROUNDUP(G37*$I$31,0) -> 0 | I37: =ROUNDUP(G37+H37,0) -> 0
B38: Total de Funcionários | D38: =SUM(D35:D37) -> 3 | E38: =SUM(E35:E37) -> 1 | F38: =SUM(F35:F37) -> 4 | G38: =SUM(G35:G37) -> 2 | H38: =SUM(H35:H37) -> 1 | I38: =SUM(I35:I37) -> 3
A40: I | B40: PESSOAL, REMUNERAÇÃO E ENCARGOS SOCIAIS
B42: Motorista | E42: Quant | G42: Valor Mensal | I42: Subtotal
B43: Salário Base | E43: 1 | F43: x R$ | G43: =+Dados!$I$7 -> 3319.996 | H43: = R$ | I43: =E43*G43 -> 3319.996
B44: Hora Extra | E44: 0 | F44: x R$ | G44: =(G43+G46)/220*1.5 -> 24.846791 | H44: = R$ | I44: =E44*G44 -> 0
B45: Reflexo no DSR - H.E. 50% | E45: =((E44/26.08)*(($C$8+$C$9)/12)) -> 0 | F45: x R$ | G45: =((G43+G46)/220*1.5) -> 24.846791 | H45: = R$ | I45: =E45*G45 -> 0
B46: Insalubridade (% Sal. Mín.) | D46: 0.2 | E46: =E43 -> 1 | F46: x R$ | G46: =+Dados!$I$45*D46 -> 324.2 | H46: = R$ | I46: =E46*G46 -> 324.2
B47: Domingos/Feriados - H.E. 100% | E47: 0 | F47: x R$ | G47: =(G43+G46)/220*2 -> 33.129055 | H47: = R$ | I47: =E47*G47 -> 0
B48: Reflexo no DSR - H.E. 100% | E48: =(E47/26.08*(($C$8+$C$9)/12)) -> 0 | F48: x R$ | G48: =((G43+G46)/220*2) -> 33.129055 | H48: = R$ | I48: =E48*G48 -> 0
B49: Adicional Noturno | E49: =C15 -> 0 | F49: x R$ | G49: =G43*14.48% -> 480.73542 | H49: = R$ | I49: =E49*G49 -> 0
B50: Encargos Sociais | D50: =Encargos!$D$37 -> 0.7302 | H50: = R$ | I50: =TRUNC(SUM(I43:I49)*D50,2) -> 2660.99
B51: Assistência Médica e Seguro de Vida | E51: 1 | F51: x R$ | G51: =+Dados!$I$14 -> 265.6 | H51: = R$ | I51: =E51*G51 -> 265.6
B52: PPR | E52: 1 | G52: =+Dados!$I$18 -> 137.04 | H52: = R$ | I52: =E52*G52 -> 137.04
B53: Total Motorista | F53: x R$ | G53: =SUM(I43:I53) -> 6707.826 | I53: = R$ | J53: =G53 -> 6707.826
B55: Coletor | E55: Quant | G55: Valor Mensal | I55: Subtotal
B56: Salário Base | E56: 1 | F56: x R$ | G56: =+Dados!$I$8 -> 1845.108 | H56: = R$ | I56: =E56*G56 -> 1845.108
B57: Hora Extra | E57: 0 | F57: x R$ | G57: =(G56+G59)/220*1.5 -> 14.790736 | H57: = R$ | I57: =E57*G57 -> 0
B58: Reflexo no DSR - H.E. 50% | E58: =((E57/26.08)*(($C$8+$C$9)/12)) -> 0 | F58: x R$ | G58: =((G56+G59)/220*1.5) -> 14.790736 | H58: = R$ | I58: =E58*G58 -> 0
B59: Insalubridade (% Sal. Mín.) | D59: 0.2 | E59: =E56 -> 1 | F59: x R$ | G59: =+Dados!$I$45*D59 -> 324.2 | H59: = R$ | I59: =E59*G59 -> 324.2
B60: Domingos/Feriados | E60: 0 | F60: x R$ | G60: =(G56+G59)/220*2 -> 19.720982 | H60: = R$ | I60: =E60*G60 -> 0
B61: Reflexo no DSR - H.E. 100% | E61: =(E60/26.08*(($C$8+$C$9)/12)) -> 0 | F61: x R$ | G61: =((G56+G59)/220*2) -> 19.720982 | H61: = R$ | I61: =E61*G61 -> 0
B62: Adicional Noturno | E62: =C15 -> 0 | F62: x R$ | G62: =G56*14.48% -> 267.17164 | H62: = R$ | I62: =E62*G62 -> 0
B63: Encargos Sociais | D63: =Encargos!D37 -> 0.7302 | H63: = R$ | I63: =TRUNC(SUM(I56:I62)*D63,2) -> 1584.02
B64: Assistência Médica e Seguro de Vida | E64: 1 | F64: x R$ | G64: =+Dados!$I$14 -> 265.6 | H64: = R$ | I64: =E64*G64 -> 265.6
B65: PPR | E65: 1 | G65: =+Dados!$I$17 -> 29.699167 | H65: = R$ | I65: =E65*G65 -> 29.699167
B66: Total - Coletor | F66: x R$ | G66: =SUM(I56:I66) -> 4048.6272 | I66: = R$ | J66: =G66 -> 4048.6272
B68: TOTAL PESSOAL, REMUNERAÇÃO E ENCARGOS SOCIAIS
E69: Quant | G69: Valor Unitário | I69: Subtotal
B70: Motorista | E70: =F38 -> 4 | G70: =J53 -> 6707.826 | I70: =G70*E70 -> 26831.304
B71: Coletor | E71: =I38 -> 3 | G71: =J66 -> 4048.6272 | I71: =G71*E71 -> 12145.881
I72: = R$ | J72: =SUM(I70:I71) -> 38977.186
A74: II | B74: UNIFORMES E EPI'S
B76: Motorista | E76: Quant | G76: Valor Unit | I76: Subtotal
D77: Calça | E77: 3 | F77: un./ano x R$ | G77: =+Dados!$I$21 -> 99.21 | H77: /un. ÷ 12 | I77: =E77*G77/12 -> 24.8025
D78: Camisa | E78: 3 | F78: un./ano x R$ | G78: =+Dados!$I$22 -> 99.21 | H78: /un. ÷ 12 | I78: =E78*G78/12 -> 24.8025
D79: Boné | E79: 2 | F79: un./ano x R$ | G79: =+Dados!$I$24 -> 28.61 | H79: /un. ÷ 12 | I79: =E79*G79/12 -> 4.7683333
D80: Sapato | E80: 4 | F80: par/ano x R$ | G80: =+Dados!$I$23 -> 84.88 | H80: /par ÷ 12 | I80: =E80*G80/12 -> 28.293333
B81: Custo Uniformes - Motorista | E81: 1 | F81: Motorista | H81: x R$ | I81: =SUM(I77:I80) -> 82.666667 | J81: =E81*I81 -> 82.666667
B83: Coletor | E83: Quant | G83: Valor Unit | I83: Subtotal
D84: Calça | E84: 6 | F84: un./ano x R$ | G84: =+Dados!$I$21 -> 99.21 | H84: /un. ÷ 12 | I84: =E84*G84/12 -> 49.605
D85: Boné | E85: 2 | F85: un./ano x R$ | G85: =+Dados!$I$24 -> 28.61 | H85: /un. ÷ 12 | I85: =E85*G85/12 -> 4.7683333
D86: Sapato | E86: 6 | F86: par/ano x R$ | G86: =+Dados!$I$23 -> 84.88 | H86: /par ÷ 12 | I86: =E86*G86/12 -> 42.44
D87: Camisa | E87: 6 | F87: un./ano x R$ | G87: =+Dados!$I$22 -> 99.21 | H87: /un. ÷ 12 | I87: =E87*G87/12 -> 49.605
D88: Capa de PVC | E88: 2 | F88: un./ano x R$ | G88: =+Dados!$I$25 -> 23.09 | H88: /un. ÷ 12 | I88: =E88*G88/12 -> 3.8483333
D89: Colete Refletivo | E89: 2 | F89: un./ano x R$ | G89: =+Dados!$I$26 -> 18.18 | H89: /un. ÷ 12 | I89: =E89*G89/12 -> 3.03
D90: Protetor solar | E90: 12 | F90: un./ano x R$ | G90: =+Dados!$I$46 -> 12.387 | H90: /un. ÷ 12 | I90: =E90*G90/12 -> 12.387
D91: Luva | E91: 12 | F91: par/ano x R$ | G91: =+Dados!$I$27 -> 12.49 | H91: /par ÷ 12 | I91: =E91*G91/12 -> 12.49
B92: Custo Uniformes - Coletor | E92: 1 | F92: Coletor | H92: x R$ | I92: =SUM(I84:I91) -> 178.17367 | J92: =E92*I92 -> 178.17367
B95: TOTAL UNIFORMES E EPI'S
E96: Quant | G96: Valor Unitário | I96: Subtotal
B97: Motorista | E97: =E70 -> 4 | G97: =$J$81 -> 82.666667 | I97: =G97*E97 -> 330.66667
B98: Coletor | E98: =E71 -> 3 | G98: =$J$92 -> 178.17367 | I98: =G98*E98 -> 534.521
I99: = R$ | J99: =SUM(I97:I98) -> 865.18767
A101: III | B101: INSUMOS, VALE TRANSPORTE E AUXILIO ALIMENTAÇÃO
B103: Motorista | E103: Quant | G103: Valor Mensal | I103: Subtotal
B104: Vale Alimentação/Refeição | E104: 1 | F104: x R$ | G104: =+Dados!$I$13 -> 718.71 | H104: = R$ | I104: =E104*G104 -> 718.71
B105: Vale Transporte | E105: =E104 -> 1 | F105: x R$ | G105: =$C$16*Dados!$I$43*2-0.06*G43 -> 101.87167 | H105: = R$ | I105: =E105*G105 -> 101.87167
B106: Total Motorista | E106: 1 | F106: x R$ | G106: =SUM(I104:I105) -> 820.58167 | I106: = R$ | J106: =G106 -> 820.58167
B108: Coletor | E108: Quant | G108: Valor Mensal | I108: Subtotal
B109: Vale Alimentação/Refeição | E109: 1 | F109: x R$ | G109: =+Dados!$I$13 -> 718.71 | H109: = R$ | I109: =E109*G109 -> 718.71
B110: Vale Transporte | E110: =E109 -> 1 | F110: x R$ | G110: =$C$16*Dados!$I$43*2-0.06*G56 -> 190.36495 | H110: = R$ | I110: =E110*G110 -> 190.36495
B111: Total - Coletor | E111: 1 | F111: x R$ | G111: =SUM(I109:I110) -> 909.07495 | I111: = R$ | J111: =G111 -> 909.07495
B113: TOTAL INSUMOS, VALE TRANSPORTE E AUXILIO ALIMENTAÇÃO
E114: Quant | G114: Valor Unitário | I114: Subtotal
B115: Motorista | E115: =E97 -> 4 | G115: =J106 -> 820.58167 | I115: =G115*E115 -> 3282.3267
B116: Coletor | E116: =E98 -> 3 | G116: =J111 -> 909.07495 | I116: =G116*E116 -> 2727.2248
I117: = R$ | J117: =SUM(I115:I116) -> 6009.5515
A119: IV | B119: MATERIAIS, FERRAMENTAS E UTENSÍLIOS
B121: Ferramentas e Materias | E121: Quant. | G121: Valor Unit. | I121: Subtotal
B122: Pá Quadrada | E122: =C21 -> 2 | F122: un./mês x R$ | G122: =+Dados!$I$28 -> 43.81 | H122: /un. | I122: =G122*E122 -> 87.62
B123: Cone de sinalização | E123: 1 | F123: un./mês x R$ | G123: =+Dados!$I$44 -> 49.4 | H123: /un. | I123: =G123*E123 -> 49.4
B124: Vassourão | E124: =E122 -> 2 | F124: un./mês x R$ | G124: =+Dados!$I$29 -> 48.32 | H124: /un. | I124: =G124*E124 -> 96.64
...

Sheet 4. TRANS
A2: COMPOSIÇÃO DE PREÇOS UNITÁRIOS
A4: 4. Transporte de Resíduos Sólidos Domiciliares, Comercial e Público fora do Município
B6: DADOS OPERACIONAIS | H6: DMT
B7: Dias no ano: | C7: 365.25 | D7: dias | H7: CGR Pedreira | I7: 54 | J7: km
B8: Domingos no ano: | C8: =C7/7 -> 52.178571 | D8: domingos | H8: CTR Lara | I8: 39 | J8: km
B9: Feriados no ano: | C9: 12 | D9: dias | H9: CTR Jambeiro | I9: 104 | J9: km
B10: Média dias normais: | C10: =(C7-C8-C9)/12 -> 25.089286 | D10: dias | H10: DMT | I10: =SUM(I7:I9)/3 -> 65.666667 | J10: km
B11: Média dias coletas: | C11: =(C7-C8)/12 -> 26.089286 | D11: dias
B13: QUANTIDADE: | C13: =+Planilha!$F$9 -> 5200 | D13: t./mês | E13: t./dia
B14: 1º Turno | C14: 0.5 | D14: =TRUNC(C13*C14,2) -> 2600 | E14: =ROUNDUP(D14/$C$16,2) -> 99.66
B15: 2º Turno | C15: =1-C14 -> 0.5 | D15: =TRUNC(C13*C15,2) -> 2600 | E15: =ROUNDUP(D15/$C$16,2) -> 99.66
B16: Dias efetivos: | C16: =C11 -> 26.089286
B18: QUANTIDADE: | E18: t./dia 15 m3
B19: 1º Turno | E19: =E14-F19 -> 99.66
B20: 2º Turno | E20: =E15-F20 -> 99.66
B21: Viagens | E21: =+'1. RSD'!C25 -> 2
B23: Veículos
B25: Caminhão Coletor Compactador 15 m³ | D25: Quantidade | E25: Reserva | F25: Km/dia por Veíc. | G25: Km por mês | H25: Efetivo | I25: Reserva
B26: 1º Turno | D26: =+'1. RSD'!D36+'2. RSDMEC'!D35 -> 9 | E26: 0 | F26: =I8*2*$E$21 -> 156 | G26: =F26*$C$16*D26 -> 36629.357 | H26: =D26 -> 9 | I26: =ROUNDUP(H26*E26,0) -> 0
B27: 2º Turno | D27: =+'1. RSD'!D37+'2. RSDMEC'!D36 -> 8 | E27: 0 | F27: =F26 -> 156 | G27: =F27*$C$16*D27 -> 32559.429 | H27: =D27 -> 8 | I27: =ROUNDUP(H27*E27,0) -> 0
B28: Domingos | D28: =+'1. RSD'!D38+'2. RSDMEC'!D37 -> 2 | E28: 0 | F28: =F27 -> 156 | G28: =F28*4.25*D28 -> 1326 | H28: =D28 -> 2 | I28: =ROUNDUP(H28*E28,0) -> 0
B29: Total de Km/mês | G29: =SUM(G26:G28) -> 70514.786
D30: =SUM(D26:D28) -> 19
B31: Mão de Obra | H31: Reserva Téc: | I31: 0.1
B33: Mão de Obra Direta | D33: Motorista | G33: Coletor
D34: Quantidade | E34: Reserva | F34: Total | G34: Quantidade | H34: Reserva | I34: Total
B35: 1º Turno | D35: 0 | E35: =ROUNDUP(D35*$I$31,0) -> 0 | F35: =ROUNDUP(D35+E35,0) -> 0 | G35: 0 | H35: =ROUNDUP(G35*$I$31,0) -> 0 | I35: =ROUNDUP(G35+H35,0) -> 0
B36: 2º Turno | D36: 0 | E36: =ROUNDUP(D36*$I$31,0) -> 0 | F36: =ROUNDUP(D36+E36,0) -> 0 | G36: 0 | H36: =ROUNDUP(G36*$I$31,0) -> 0 | I36: =ROUNDUP(G36+H36,0) -> 0
B37: Domingos | D37: 0 | E37: =ROUNDUP(D37*$I$31,1) -> 0 | F37: =ROUNDUP(D37+E37,0) -> 0 | G37: 0 | H37: =ROUNDUP(G37*$I$31,0) -> 0 | I37: =ROUNDUP(G37+H37,0) -> 0
B38: Total de Funcionários | D38: =SUM(D35:D37) -> 0 | E38: =SUM(E35:E37) -> 0 | F38: =SUM(F35:F37) -> 0 | G38: =SUM(G35:G37) -> 0 | H38: =SUM(H35:H37) -> 0 | I38: =SUM(I35:I37) -> 0
A40: I | B40: PESSOAL, REMUNERAÇÃO E ENCARGOS SOCIAIS
B42: Motorista | E42: Quant | G42: Valor Mensal | I42: Subtotal
B43: Salário Base | E43: 1 | F43: x R$ | G43: 0 | H43: = R$ | I43: =E43*G43 -> 0
B44: Hora Extra | E44: 0 | F44: x R$ | G44: 24.43 | H44: = R$ | I44: =E44*G44 -> 0
B45: Reflexo no DSR - H.E. 50% | E45: =((E44/26.08)*(($C$8+$C$9)/12)) -> 0 | F45: x R$ | G45: =((G43+G46)/220*1.5) -> 2.2104545 | H45: = R$ | I45: =E45*G45 -> 0
B46: Insalubridade (% Sal. Mín.) | D46: 0.2 | E46: 0 | F46: x R$ | G46: =+Dados!$I$45*D46 -> 324.2 | H46: = R$ | I46: =E46*G46 -> 0
B47: Domingos/Feriados - H.E. 100% | E47: 0 | F47: x R$ | G47: =(G43+G46)/220*2 -> 2.9472727 | H47: = R$ | I47: =E47*G47 -> 0
B48: Reflexo no DSR - H.E. 100% | E48: =(E47/26.08*(($C$8+$C$9)/12)) -> 0 | F48: x R$ | G48: =((G43+G46)/220*2) -> 2.9472727 | H48: = R$ | I48: =E48*G48 -> 0
B49: Adicional Noturno | E49: 0 | F49: x R$ | G49: =G43*14.48% -> 0 | H49: = R$ | I49: =E49*G49 -> 0
B50: Encargos Sociais | D50: =Encargos!$D$37 -> 0.7302 | H50: = R$ | I50: =TRUNC(SUM(I43:I49)*D50,2) -> 0
B51: Assistência Médica e Seguro de Vida | E51: 0 | F51: x R$ | G51: =+Dados!$I$14 -> 265.6 | H51: = R$ | I51: =E51*G51 -> 0
B52: PPR | E52: 1 | G52: =+Dados!$I$18 -> 137.04 | H52: = R$ | I52: =E52*G52 -> 137.04
B53: Total Motorista | F53: x R$ | G53: =SUM(I43:I53) -> 137.04 | I53: = R$ | J53: =G53 -> 137.04
B55: Coletor | E55: Quant | G55: Valor Mensal | I55: Subtotal
B56: Salário Base | E56: 1 | F56: x R$ | G56: =+Dados!$I$8 -> 1845.108 | H56: = R$ | I56: =E56*G56 -> 1845.108
B57: Hora Extra | E57: 0 | F57: x R$ | G57: =(G56+G59)/220*1.5 -> 17.001191 | H57: = R$ | I57: =E57*G57 -> 0
B58: Reflexo no DSR - H.E. 50% | E58: =((E57/26.08)*(($C$8+$C$9)/12)) -> 0 | F58: x R$ | G58: =((G56+G59)/220*1.5) -> 17.001191 | H58: = R$ | I58: =E58*G58 -> 0
B59: Insalubridade (% Sal. Mín.) | D59: 0.4 | E59: =E56 -> 1 | F59: x R$ | G59: =+Dados!$I$45*D59 -> 648.4 | H59: = R$ | I59: =E59*G59 -> 648.4
B60: Domingos/Feriados | E60: =E47 -> 0 | F60: x R$ | G60: =(G56+G59)/220*2 -> 22.668255 | H60: = R$ | I60: =E60*G60 -> 0
B61: Reflexo no DSR - H.E. 100% | E61: =(E60/26.08*(($C$8+$C$9)/12)) -> 0 | F61: x R$ | G61: =((G56+G59)/220*2) -> 22.668255 | H61: = R$ | I61: =E61*G61 -> 0
B62: Adicional Noturno | E62: =C15 -> 0.5 | F62: x R$ | G62: =G56*14.48% -> 267.17164 | H62: = R$ | I62: =E62*G62 -> 133.58582
B63: Encargos Sociais | D63: =Encargos!D37 -> 0.7302 | H63: = R$ | I63: =TRUNC(SUM(I56:I62)*D63,2) -> 1918.3
B64: Assistência Médica e Seguro de Vida | E64: 1 | F64: x R$ | G64: =+Dados!$I$14 -> 265.6 | H64: = R$ | I64: =E64*G64 -> 265.6
B65: PPR | E65: 1 | G65: =+Dados!$I$17 -> 29.699167 | H65: = R$ | I65: =E65*G65 -> 29.699167
B66: Total Coletor | F66: x R$ | G66: =SUM(I56:I66) -> 4840.693 | I66: = R$ | J66: =G66 -> 4840.693
B68: TOTAL PESSOAL, REMUNERAÇÃO E ENCARGOS SOCIAIS
E69: Quant | G69: Valor Unitário | I69: Subtotal
B70: Motorista | E70: =F38 -> 0 | G70: =J53 -> 137.04 | I70: =G70*E70 -> 0
B71: Coletor | E71: =I38 -> 0 | G71: =J66 -> 4840.693 | I71: =G71*E71 -> 0
I72: = R$ | J72: =SUM(I70:I71) -> 0
A75: II | B75: UNIFORMES E EPI'S
B77: Motorista | E77: Quant | G77: Valor Unit | I77: Subtotal
D78: Calça | E78: 3 | F78: un./ano x R$ | G78: =+Dados!$I$21 -> 99.21 | H78: /un. ÷ 12 | I78: =E78*G78/12 -> 24.8025
D79: Camisa | E79: 3 | F79: un./ano x R$ | G79: =+Dados!$I$22 -> 99.21 | H79: /un. ÷ 12 | I79: =E79*G79/12 -> 24.8025
D80: Boné | E80: 2 | F80: un./ano x R$ | G80: =+Dados!$I$24 -> 28.61 | H80: /un. ÷ 12 | I80: =E80*G80/12 -> 4.7683333
D81: Sapato | E81: 4 | F81: par/ano x R$ | G81: =+Dados!$I$23 -> 84.88 | H81: /par ÷ 12 | I81: =E81*G81/12 -> 28.293333
B82: Custo Uniformes Motorista | E82: 1 | F82: Motorista | H82: x R$ | I82: =SUM(I78:I81) -> 82.666667 | J82: =E82*I82 -> 82.666667
B84: Coletor | E84: Quant | G84: Valor Unit | I84: Subtotal
D85: Calça | E85: 6 | F85: un./ano x R$ | G85: =+Dados!$I$21 -> 99.21 | H85: /un. ÷ 12 | I85: =E85*G85/12 -> 49.605
D86: Boné | E86: 2 | F86: un./ano x R$ | G86: =+Dados!$I$24 -> 28.61 | H86: /un. ÷ 12 | I86: =E86*G86/12 -> 4.7683333
D87: Sapato | E87: 6 | F87: par/ano x R$ | G87: =+Dados!$I$23 -> 84.88 | H87: /par ÷ 12 | I87: =E87*G87/12 -> 42.44
D88: Camisa | E88: 6 | F88: un./ano x R$ | G88: =+Dados!$I$22 -> 99.21 | H88: /un. ÷ 12 | I88: =E88*G88/12 -> 49.605
D89: Capa de PVC | E89: 2 | F89: un./ano x R$ | G89: =+Dados!$I$25 -> 23.09 | H89: /un. ÷ 12 | I89: =E89*G89/12 -> 3.8483333
D90: Colete Refletivo | E90: 2 | F90: un./ano x R$ | G90: =+Dados!$I$26 -> 18.18 | H90: /un. ÷ 12 | I90: =E90*G90/12 -> 3.03
D91: Protetor solar | E91: 12 | F91: un./ano x R$ | G91: =+Dados!$I$46 -> 12.387 | H91: /un. ÷ 12 | I91: =E91*G91/12 -> 12.387
D92: Luva | E92: 12 | F92: par/ano x R$ | G92: =+Dados!$I$27 -> 12.49 | H92: /par ÷ 12 | I92: =E92*G92/12 -> 12.49
B93: Custo Uniformes Coletor | E93: 1 | F93: Coletor | H93: x R$ | I93: =SUM(I85:I92) -> 178.17367 | J93: =E93*I93 -> 178.17367
B96: TOTAL UNIFORMES E EPI'S
E97: Quant | G97: Valor Unitário | I97: Subtotal
B98: Motorista | E98: 0 | G98: =$J$82 -> 82.666667 | I98: =G98*E98 -> 0
B99: Coletor | E99: =E71 -> 0 | G99: =$J$93 -> 178.17367 | I99: =G99*E99 -> 0
I100: = R$ | J100: =SUM(I98:I99) -> 0
A102: III | B102: INSUMOS, VALE TRANSPORTE E AUXILIO ALIMENTAÇÃO
B104: Motorista | E104: Quant | G104: Valor Mensal | I104: Subtotal
B105: Vale Alimentação/Refeição | E105: 1 | F105: x R$ | G105: =+Dados!$I$13 -> 718.71 | H105: = R$ | I105: =E105*G105 -> 718.71
B106: Vale Transporte | E106: =E105 -> 1 | F106: x R$ | G106: =$C$16*Dados!$I$43*2-0.06*G43 -> 313.07143 | H106: = R$ | I106: =E106*G106 -> 313.07143
B107: Total Motorista | E107: 1 | F107: x R$ | G107: =SUM(I105:I106) -> 1031.7814 | I107: = R$ | J107: =G107 -> 1031.7814
B109: Coletor | E109: Quant | G109: Valor Mensal | I109: Subtotal
B110: Vale Alimentação/Refeição | E110: 1 | F110: x R$ | G110: =+Dados!$I$13 -> 718.71 | H110: = R$ | I110: =E110*G110 -> 718.71
B111: Vale Transporte | E111: =E110 -> 1 | F111: x R$ | G111: =$C$16*Dados!$I$43*2-0.06*G56 -> 202.36495 | H111: = R$ | I111: =E111*G111 -> 202.36495
B112: Total Coletor | E112: 1 | F112: x R$ | G112: =SUM(I110:I111) -> 921.07495 | I112: = R$ | J112: =G112 -> 921.07495
B114: TOTAL INSUMOS, VALE TRANSPORTE E AUXILIO ALIMENTAÇÃO
E115: Quant | G115: Valor Unitário | I115: Subtotal
B116: Motorista | E116: =E98 -> 0 | G116: =J107 -> 1031.7814 | I116: =G116*E116 -> 0
B117: Coletor | E117: =E99 -> 0 | G117: =J112 -> 921.07495 | I117: =G117*E117 -> 0
I118: = R$ | J118: =SUM(I116:I117) -> 0
A120: IV | B120: MATERIAIS, FERRAMENTAS E UTENSÍLIOS
B122: Ferramentas e Materias | E122: Quant. | G122: Valor Unit. | I122: Subtotal
B123: Pá Quadrada | E123: 0 | F123: un./mês x R$ | G123: =+Dados!$I$28 -> 43.81 | H123: /un. | I123: =G123*E123 -> 0
B124: Cone de sinalização | E124: 0 | F124: un./mês x R$ | G124: =+Dados!$I$44 -> 49.4 | H124: /un. | I124: =G124*E124 -> 0
...

Sheet 5. INERTES
A2: COMPOSIÇÃO DE PREÇOS UNITÁRIOS
A4: 5. Remoção de Caçambas Estacionárias
B6: DADOS OPERACIONAIS
B7: Dias no ano: | C7: 365.25 | D7: dias
B8: Domingos no ano: | C8: =C7/7 -> 52.178571 | D8: domingos
B9: Feriados no ano: | C9: 12 | D9: dias
B10: Média dias normais: | C10: =(C7-C8-C9)/12 -> 25.089286 | D10: dias
B11: Média dias coletas: | C11: =(C7-C8)/12 -> 26.089286 | D11: dias
B13: QUANTIDADE: | C13: =+Planilha!$F$10 -> 100 | D13: remoção/mês | E13: remoção/dia
B14: 1º Turno | C14: 1 | D14: =TRUNC(C13*C14,2) -> 100 | E14: =ROUNDUP(D14/$C$16,2) -> 3.84
B15: 2º Turno | C15: =1-C14 -> 0 | D15: =TRUNC(C13*C15,2) -> 0 | E15: =ROUNDUP(D15/$C$16,2) -> 0
B16: Dias efetivos: | C16: =C11 -> 26.089286
B18: QUANTIDADE: | E18: t./dia 14 m3
B19: 1º Turno | E19: =E14-F19 -> 3.84
B20: 2º Turno | E20: =E15-F20 -> 0
B22: DIMENSIONAMENTO: | D22: SAÍDAS
B23: Q. VIAGENS: | C23: 4 | D23: 1º Turno | E23: =ROUNDUP(E14/$C$24,0) -> 1
B24: PROD xTURNO: | C24: =C23 -> 4 | D24: 2º Turno | E24: 0
B26: CONSTITUIÇÃO DAS GUANIÇÕES:
B27: Caminhão Poliguindaste | C27: 1
B28: Motorista | C28: 1
B29: Coletor | C29: 2
B31: Veículos
B33: Caminhão Poliguindaste Simples | D33: Quantidade | E33: Reserva | F33: Km/dia por Veíc. | G33: Km por mês | H33: Efetivo | I33: Reserva
B34: 1º Turno | D34: =E23 -> 1 | E34: 0 | F34: 128 | G34: =F34*$C$16*D34 -> 3339.4286 | H34: =D34 -> 1 | I34: =ROUNDUP(H34*E34,0) -> 0
B35: 2º Turno | D35: =E24 -> 0 | E35: 0 | F35: 0 | G35: =F35*$C$16*D35 -> 0 | H35: =D35 -> 0 | I35: =ROUNDUP(H35*E35,0) -> 0
B36: Domingos | D36: =G24 -> 0 | E36: 0 | F36: 0 | G36: =F36*4.28*D36*C24 -> 0 | H36: =D36 -> 0 | I36: =ROUNDUP(H36*E36,0) -> 0
B37: Total de Km/mês | G37: =SUM(G34:G36) -> 3339.4286
B39: Mão de Obra | H39: Reserva Téc: | I39: 0
B41: Mão de Obra Direta | D41: Motorista | G41: Coletor
D42: Quantidade | E42: Reserva | F42: Total | G42: Quantidade | H42: Reserva | I42: Total
B43: 1º Turno | D43: =D34 -> 1 | E43: 0 | F43: =ROUNDUP(D43+E43,0) -> 1 | G43: =D34*1 -> 1 | H43: 0 | I43: =ROUNDUP(G43+H43,0) -> 1
B44: 2º Turno | D44: =D35 -> 0 | E44: 0 | F44: =ROUNDUP(D44+E44,0) -> 0 | G44: =D35*1 -> 0 | H44: 0 | I44: =ROUNDUP(G44+H44,0) -> 0
B45: Domingos | D45: 0 | E45: =ROUNDUP(D45*$I$39,1) -> 0 | F45: =ROUNDUP(D45+E45,0) -> 0 | G45: =D36*1 -> 0 | H45: =ROUNDUP(G45*$I$39,0) -> 0 | I45: =ROUNDUP(G45+H45,0) -> 0
B46: Total de Funcionários | D46: =SUM(D43:D45) -> 1 | E46: =SUM(E43:E45) -> 0 | F46: =SUM(F43:F45) -> 1 | G46: =SUM(G43:G45) -> 1 | H46: =SUM(H43:H45) -> 0 | I46: =SUM(I43:I45) -> 1
A48: I | B48: PESSOAL, REMUNERAÇÃO E ENCARGOS SOCIAIS
B50: Motorista | E50: Quant | G50: Valor Mensal | I50: Subtotal
B51: Salário Base | E51: 1 | F51: x R$ | G51: =+Dados!$I$7 -> 3319.996 | H51: = R$ | I51: =E51*G51 -> 3319.996
B52: Hora Extra | E52: 0 | F52: x R$ | G52: =(G51+G54)/220*1.5 -> 24.846791 | H52: = R$ | I52: =E52*G52 -> 0
B53: Reflexo no DSR - H.E. 50% | E53: =((E52/26.08)*(($C$8+$C$9)/12)) -> 0 | F53: x R$ | G53: =((G51+G54)/220*1.5) -> 24.846791 | H53: = R$ | I53: =E53*G53 -> 0
B54: Insalubridade (% Sal. Mín.) | D54: 0.2 | E54: =E51 -> 1 | F54: x R$ | G54: =+Dados!$I$45*D54 -> 324.2 | H54: = R$ | I54: =E54*G54 -> 324.2
B55: Domingos/Feriados - H.E. 100% | E55: 0 | F55: x R$ | G55: =(G51+G54)/220*2 -> 33.129055 | H55: = R$ | I55: =E55*G55 -> 0
B56: Reflexo no DSR - H.E. 100% | E56: =(E55/26.08*(($C$8+$C$9)/12)) -> 0 | F56: x R$ | G56: =((G51+G54)/220*2) -> 33.129055 | H56: = R$ | I56: =E56*G56 -> 0
B57: Adicional Noturno | E57: =C15 -> 0 | F57: x R$ | G57: =G51*14.48% -> 480.73542 | H57: = R$ | I57: =E57*G57 -> 0
B58: Encargos Sociais | D58: =Encargos!$D$37 -> 0.7302 | H58: = R$ | I58: =TRUNC(SUM(I51:I57)*D58,2) -> 2660.99
B59: Assistência Médica e Seguro de Vida | E59: 1 | F59: x R$ | G59: =+Dados!$I$14 -> 265.6 | H59: = R$ | I59: =E59*G59 -> 265.6
B60: PPR | E60: 1 | G60: =+Dados!$I$18 -> 137.04 | H60: = R$ | I60: =E60*G60 -> 137.04
B61: Total - Motorista | F61: x R$ | G61: =SUM(I51:I61) -> 6707.826 | I61: = R$ | J61: =G61 -> 6707.826
B63: Coletor | E63: Quant | G63: Valor Mensal | I63: Subtotal
B64: Salário Base | E64: 1 | F64: x R$ | G64: =+Dados!$I$8 -> 1845.108 | H64: = R$ | I64: =E64*G64 -> 1845.108
B65: Hora Extra | E65: 0 | F65: x R$ | G65: =(G64+G67)/220*1.5 -> 14.790736 | H65: = R$ | I65: =E65*G65 -> 0
B66: Reflexo no DSR - H.E. 50% | E66: =((E65/26.08)*(($C$8+$C$9)/12)) -> 0 | F66: x R$ | G66: =((G64+G67)/220*1.5) -> 14.790736 | H66: = R$ | I66: =E66*G66 -> 0
B67: Insalubridade (% Sal. Mín.) | D67: 0.2 | E67: =E64 -> 1 | F67: x R$ | G67: =+Dados!$I$45*D67 -> 324.2 | H67: = R$ | I67: =E67*G67 -> 324.2
B68: Domingos/Feriados | E68: 0 | F68: x R$ | G68: =(G64+G67)/220*2 -> 19.720982 | H68: = R$ | I68: =E68*G68 -> 0
B69: Reflexo no DSR - H.E. 100% | E69: =(E68/26.08*(($C$8+$C$9)/12)) -> 0 | F69: x R$ | G69: =((G64+G67)/220*2) -> 19.720982 | H69: = R$ | I69: =E69*G69 -> 0
B70: Adicional Noturno | E70: =C15 -> 0 | F70: x R$ | G70: =G64*14.48% -> 267.17164 | H70: = R$ | I70: =E70*G70 -> 0
B71: Encargos Sociais | D71: =Encargos!D37 -> 0.7302 | H71: = R$ | I71: =TRUNC(SUM(I64:I70)*D71,2) -> 1584.02
B72: Assistência Médica e Seguro de Vida | E72: 1 | F72: x R$ | G72: =+Dados!$I$14 -> 265.6 | H72: = R$ | I72: =E72*G72 -> 265.6
B73: PPR | E73: 1 | G73: =+Dados!$I$17 -> 29.699167 | H73: = R$ | I73: =E73*G73 -> 29.699167
B74: Total - Coletor | F74: x R$ | G74: =SUM(I64:I74) -> 4048.6272 | I74: = R$ | J74: =G74 -> 4048.6272
B76: TOTAL PESSOAL, REMUNERAÇÃO E ENCARGOS SOCIAIS
E77: Quant | G77: Valor Unitário | I77: Subtotal
B78: Motorista | E78: =F46 -> 1 | G78: =J61 -> 6707.826 | I78: =G78*E78 -> 6707.826
B79: Coletor | E79: =I46 -> 1 | G79: =J74 -> 4048.6272 | I79: =G79*E79 -> 4048.6272
I80: = R$ | J80: =SUM(I78:I79) -> 10756.453
A83: II | B83: UNIFORMES E EPI'S
B85: Motorista | E85: Quant | G85: Valor Unit | I85: Subtotal
D86: Calça | E86: 3 | F86: un./ano x R$ | G86: =+Dados!$I$21 -> 99.21 | H86: /un. ÷ 12 | I86: =E86*G86/12 -> 24.8025
D87: Camisa | E87: 3 | F87: un./ano x R$ | G87: =+Dados!$I$22 -> 99.21 | H87: /un. ÷ 12 | I87: =E87*G87/12 -> 24.8025
D88: Boné | E88: 2 | F88: un./ano x R$ | G88: =+Dados!$I$24 -> 28.61 | H88: /un. ÷ 12 | I88: =E88*G88/12 -> 4.7683333
D89: Sapato | E89: 4 | F89: par/ano x R$ | G89: =+Dados!$I$23 -> 84.88 | H89: /par ÷ 12 | I89: =E89*G89/12 -> 28.293333
B90: Custo Uniformes - Motorista | E90: 1 | F90: Motorista | H90: x R$ | I90: =SUM(I86:I89) -> 82.666667 | J90: =E90*I90 -> 82.666667
B92: Coletor | E92: Quant | G92: Valor Unit | I92: Subtotal
D93: Calça | E93: 6 | F93: un./ano x R$ | G93: =+Dados!$I$21 -> 99.21 | H93: /un. ÷ 12 | I93: =E93*G93/12 -> 49.605
D94: Boné | E94: 2 | F94: un./ano x R$ | G94: =+Dados!$I$24 -> 28.61 | H94: /un. ÷ 12 | I94: =E94*G94/12 -> 4.7683333
D95: Sapato | E95: 6 | F95: par/ano x R$ | G95: =+Dados!$I$23 -> 84.88 | H95: /par ÷ 12 | I95: =E95*G95/12 -> 42.44
D96: Camisa | E96: 6 | F96: un./ano x R$ | G96: =+Dados!$I$22 -> 99.21 | H96: /un. ÷ 12 | I96: =E96*G96/12 -> 49.605
D97: Capa de PVC | E97: 2 | F97: un./ano x R$ | G97: =+Dados!$I$25 -> 23.09 | H97: /un. ÷ 12 | I97: =E97*G97/12 -> 3.8483333
D98: Colete Refletivo | E98: 2 | F98: un./ano x R$ | G98: =+Dados!$I$26 -> 18.18 | H98: /un. ÷ 12 | I98: =E98*G98/12 -> 3.03
D99: Protetor solar | E99: 12 | F99: un./ano x R$ | G99: =+Dados!$I$46 -> 12.387 | H99: /un. ÷ 12 | I99: =E99*G99/12 -> 12.387
D100: Luva | E100: 12 | F100: par/ano x R$ | G100: =+Dados!$I$27 -> 12.49 | H100: /par ÷ 12 | I100: =E100*G100/12 -> 12.49
B101: Custo Uniformes - Coletor | E101: 1 | F101: Coletor | H101: x R$ | I101: =SUM(I93:I100) -> 178.17367 | J101: =E101*I101 -> 178.17367
B104: TOTAL UNIFORMES E EPI'S
E105: Quant | G105: Valor Unitário | I105: Subtotal
B106: Motorista | E106: =E78 -> 1 | G106: =$J$90 -> 82.666667 | I106: =G106*E106 -> 82.666667
B107: Coletor | E107: =E79 -> 1 | G107: =$J$101 -> 178.17367 | I107: =G107*E107 -> 178.17367
I108: = R$ | J108: =SUM(I106:I107) -> 260.84033
A110: III | B110: INSUMOS, VALE TRANSPORTE E AUXILIO ALIMENTAÇÃO
B112: Motorista | E112: Quant | G112: Valor Mensal | I112: Subtotal
B113: Vale Alimentação/Refeição | E113: 1 | F113: x R$ | G113: =+Dados!$I$13 -> 718.71 | H113: = R$ | I113: =E113*G113 -> 718.71
B114: Vale Transporte | E114: =E113 -> 1 | F114: x R$ | G114: =$C$16*Dados!$I$43*2-0.06*G51 -> 113.87167 | H114: = R$ | I114: =E114*G114 -> 113.87167
B115: Total Motorista | E115: 1 | F115: x R$ | G115: =SUM(I113:I114) -> 832.58167 | I115: = R$ | J115: =G115 -> 832.58167
B117: Coletor | E117: Quant | G117: Valor Mensal | I117: Subtotal
B118: Vale Alimentação/Refeição | E118: 1 | F118: x R$ | G118: =+Dados!$I$13 -> 718.71 | H118: = R$ | I118: =E118*G118 -> 718.71
B119: Vale Transporte | E119: =E118 -> 1 | F119: x R$ | G119: =$C$16*Dados!$I$43*2-0.06*G64 -> 202.36495 | H119: = R$ | I119: =E119*G119 -> 202.36495
B120: Total Coletor | E120: 1 | F120: x R$ | G120: =SUM(I118:I119) -> 921.07495 | I120: = R$ | J120: =G120 -> 921.07495
B122: TOTAL INSUMOS, VALE TRANSPORTE E AUXILIO ALIMENTAÇÃO
E123: Quant | G123: Valor Unitário | I123: Subtotal
B124: Motorista | E124: =E106 -> 1 | G124: =J115 -> 832.58167 | I124: =G124*E124 -> 832.58167
B125: Coletor | E125: =E107 -> 1 | G125: =J120 -> 921.07495 | I125: =G125*E125 -> 921.07495
...

Sheet 6. ATERRO
A3: COMPOSIÇÃO DE PREÇOS UNITÁRIOS
A5: 6. Destinação Final de Resíduos Sólidos Domiciliares, Comercial e Público
B8: DADOS OPERACIONAIS
B9: Dias no ano: | C9: 365.25 | D9: dias
B10: Domingos no ano: | C10: =C9/7 -> 52.178571 | D10: domingos
B11: Feriados no ano: | C11: 12 | D11: dias
B12: Média dias normais: | C12: =(C9-C10-C11)/12 -> 25.089286 | D12: dias
B13: Média dias coletas: | C13: =(C9-C10)/12 -> 26.089286 | D13: dias
B15: QUANTIDADE:
B16: Resíduos Classe IIA | D16: =+Planilha!$F$11 -> 5200 | E16: t.
B17: Total
B19: DIAS EFETIVOS: | C19: =C13 -> 26.089286
A21: I | B21: OUTROS CUSTOS
B23: Disposição Final dos Resíduos | D23: Quant. | F23: Valor Unit.
B24: Resíduos Classe IIA | D24: =D16 -> 5200 | E24: t. x R$ | F24: =+Dados!$I$73 -> 180 | H24: 1 | I24: = R$ | J24: =D24*F24*H24 -> 936000
B25: Custo Total | I25: = R$ | J25: =SUM(J24:J24) -> 936000
B27: TOTAL DOS OUTROS CUSTOS | I27: = R$ | J27: =J25 -> 936000
L28: =F28*#REF! -> #REF!
A29: II | B29: RESUMO DOS CUSTOS DIRETOS
B31: Resumo dos Custos Diretos | J31: Subtotal
B32: Outros Custos | J32: =J27 -> 936000
B34: TOTAL DOS CUSTOS DIRETOS | I34: = R$ | J34: =SUM(J32:J32) -> 936000
A36: III | B36: COMPOSIÇÃO DO CUSTO UNITÁRIO
B38: Composição do Custo Unitário | J38: Subtotal
B39: Custo Direto | J39: =J34 -> 936000
B40: Total dos Custos | J40: =J39 -> 936000
B41: Quantidade de Serviço | J41: =D16 -> 5200
B43: CUSTO UNITÁRIO DO SERVIÇO | I43: R$/t. | J43: =TRUNC(J40/J41,2) -> 180
H45: BDI: | I45: =+BDI!$D$18 -> 0.3317 | J45: =TRUNC(J43*I45,2) -> 59.7
B47: PREÇO UNITÁRIO DO SERVIÇO | I47: R$/t. | J47: =J43+J45 -> 239.7
C55: Assinatura do responsável pela elaboração da planilha

Sheet 7. RCC
A2: COMPOSIÇÃO DE PREÇOS UNITÁRIOS
A4: 7. Remoção e Disposição Final de Materias Inertes e RCC
B6: DADOS OPERACIONAIS | H6: DMT
B7: Dias no ano: | C7: 365.25 | D7: dias | H7: CGR Pedreira | I7: 54 | J7: km
B8: Domingos no ano: | C8: =C7/7 -> 52.178571 | D8: domingos | H8: CTR Lara | I8: 39 | J8: km
B9: Feriados no ano: | C9: 12 | D9: dias | H9: CTR Jambeiro | I9: 104 | J9: km
B10: Média dias normais: | C10: =(C7-C8-C9)/12 -> 25.089286 | D10: dias | H10: DMT | I10: =SUM(I7:I9)/3 -> 65.666667 | J10: km
B11: Média dias coletas: | C11: =(C7-C8)/12 -> 26.089286 | D11: dias
B13: QUANTIDADE: | C13: =+Planilha!$F$12 -> 1800 | D13: t./mês | E13: t./dia | F13: Saídas
B14: 1º Turno | C14: 1 | D14: =TRUNC(C13*C14,2) -> 1800 | E14: =ROUNDUP(D14/$C$16,2) -> 69 | F14: =ROUNDUP(E14/$C$21,0) -> 6
B15: 2º Turno | C15: =1-C14 -> 0 | D15: =TRUNC(C13*C15,2) -> 0 | E15: =ROUNDUP(D15/$C$16,2) -> 0 | F15: =ROUNDUP(E15/$C$21,0) -> 0
B16: Dias efetivos: | C16: =C11 -> 26.089286
B18: DIMENSIONAMENTO:
B19: Capacidade: | C19: 6
B20: Viagens: | C20: 2
B21: Quantidade de Equipes | C21: =ROUNDUP(C19*C20,0) -> 12
B23: CONSTITUIÇÃO DAS GUANIÇÕES:
B24: Camihão Basculante 10 m3 | C24: 1
B25: Motorista | C25: 1
B26: Ajudante | C26: 2
B28: Veículos
B30: Caminhão Basculante 10 m3 | D30: Quantidade | E30: Reserva | F30: Km/dia por Veíc. | G30: Km por mês | H30: Efetivo | I30: Reserva
B31: 1º Turno | D31: =F14 -> 6 | E31: 0 | F31: =30+I8*2*C20 -> 186 | G31: =F31*$C$16*D31 -> 29115.643 | H31: =D31 -> 6 | I31: =ROUNDUP(H31*E31,0) -> 0
B32: 2º Turno | D32: =F15 -> 0 | E32: 0 | F32: 0 | G32: =F32*$C$16*D32 -> 0 | H32: =D32 -> 0 | I32: =ROUNDUP(H32*E32,0) -> 0
B33: Domingos | D33: 0 | E33: 0 | F33: 0 | G33: =F33*$C$16*D33 -> 0 | H33: =D33 -> 0 | I33: =ROUNDUP(H33*E33,0) -> 0
B34: Total de Km/mês | G34: =SUM(G31:G33) -> 29115.643
B36: Mão de Obra | H36: Reserva Téc: | I36: 0.1
B38: Mão de Obra Direta | D38: Motorista | G38: Ajudante
D39: Quantidade | E39: Reserva | F39: Total | G39: Quantidade | H39: Reserva | I39: Total
B40: 1º Turno | D40: =D31 -> 6 | E40: =ROUNDUP(D40*$I$36,0) -> 1 | F40: =ROUNDUP(D40+E40,0) -> 7 | G40: =D40*$C$26 -> 12 | H40: =ROUNDUP(G40*$I$36,0) -> 2 | I40: =ROUNDUP(G40+H40,0) -> 14
B41: 2º Turno | D41: =D32 -> 0 | E41: =ROUNDUP(D41*$I$36,0) -> 0 | F41: =ROUNDUP(D41+E41,0) -> 0 | G41: =D41*$C$26 -> 0 | H41: =ROUNDUP(G41*$I$36,0) -> 0 | I41: =ROUNDUP(G41+H41,0) -> 0
B42: Domingos | D42: =D33 -> 0 | E42: =ROUNDUP(D42*$I$36,0) -> 0 | F42: =ROUNDUP(D42+E42,0) -> 0 | G42: =D42*$C$26 -> 0 | H42: =ROUNDUP(G42*$I$36,0) -> 0 | I42: =ROUNDUP(G42+H42,0) -> 0
B43: Total de Funcionários | D43: =SUM(D40:D42) -> 6 | E43: =SUM(E40:E42) -> 1 | F43: =SUM(F40:F42) -> 7 | G43: =SUM(G40:G42) -> 12 | H43: =SUM(H40:H42) -> 2 | I43: =SUM(I40:I42) -> 14
A45: I | B45: PESSOAL, REMUNERAÇÃO E ENCARGOS SOCIAIS
B47: Motorista | E47: Quant | G47: Valor Mensal | I47: Subtotal
B48: Salário Base | E48: 1 | F48: x R$ | G48: =+Dados!$I$7 -> 3319.996 | H48: = R$ | I48: =E48*G48 -> 3319.996
B49: Hora Extra | E49: 0 | F49: x R$ | G49: =(G48+G51)/220*1.5 -> 24.846791 | H49: = R$ | I49: =E49*G49 -> 0
B50: Reflexo no DSR - H.E. 50% | E50: =((E49/26.08)*(($C$8+$C$9)/12)) -> 0 | F50: x R$ | G50: =((G48+G51)/220*1.5) -> 24.846791 | H50: = R$ | I50: =E50*G50 -> 0
B51: Insalubridade (% Sal. Mín.) | D51: 0.2 | E51: =E48 -> 1 | F51: x R$ | G51: =+Dados!$I$45*D51 -> 324.2 | H51: = R$ | I51: =E51*G51 -> 324.2
B52: Domingos/Feriados - H.E. 100% | E52: 0 | F52: x R$ | G52: =(G48+G51)/220*2 -> 33.129055 | H52: = R$ | I52: =E52*G52 -> 0
B53: Reflexo no DSR - H.E. 100% | E53: =(E52/26.08*(($C$8+$C$9)/12)) -> 0 | F53: x R$ | G53: =((G48+G51)/220*2) -> 33.129055 | H53: = R$ | I53: =E53*G53 -> 0
B54: Adicional Noturno | E54: =C15 -> 0 | F54: x R$ | G54: =G48*14.48% -> 480.73542 | H54: = R$ | I54: =E54*G54 -> 0
B55: Encargos Sociais | D55: =Encargos!$D$37 -> 0.7302 | H55: = R$ | I55: =TRUNC(SUM(I48:I54)*D55,2) -> 2660.99
B56: Assistência Médica e Seguro de Vida | E56: 1 | F56: x R$ | G56: =+Dados!$I$14 -> 265.6 | H56: = R$ | I56: =E56*G56 -> 265.6
B57: PPR | E57: 1 | G57: =+Dados!$I$18 -> 137.04 | H57: = R$ | I57: =E57*G57 -> 137.04
B58: Total - Motorista | F58: x R$ | G58: =SUM(I48:I58) -> 6707.826 | I58: = R$ | J58: =G58 -> 6707.826
B60: Ajudante | E60: Quant | G60: Valor Mensal | I60: Subtotal
B61: Salário Base | E61: 1 | F61: x R$ | G61: =+Dados!$I$10 -> 1778.7252 | H61: = R$ | I61: =E61*G61 -> 1778.7252
B62: Hora Extra | E62: 0 | F62: x R$ | G62: =(G61+G64)/220*1.5 -> 14.338126 | H62: = R$ | I62: =E62*G62 -> 0
B63: Reflexo no DSR - H.E. 50% | E63: =((E62/26.08)*(($C$8+$C$9)/12)) -> 0 | F63: x R$ | G63: =((G61+G64)/220*1.5) -> 14.338126 | H63: = R$ | I63: =E63*G63 -> 0
B64: Insalubridade (% Sal. Mín.) | D64: 0.2 | E64: =E61 -> 1 | F64: x R$ | G64: =+Dados!$I$45*D64 -> 324.2 | H64: = R$ | I64: =E64*G64 -> 324.2
B65: Domingos/Feriados | E65: 0 | F65: x R$ | G65: =(G61+G64)/220*2 -> 19.117502 | H65: = R$ | I65: =E65*G65 -> 0
B66: Reflexo no DSR - H.E. 100% | E66: =(E65/26.08*(($C$8+$C$9)/12)) -> 0 | F66: x R$ | G66: =((G61+G64)/220*2) -> 19.117502 | H66: = R$ | I66: =E66*G66 -> 0
B67: Adicional Noturno | E67: =C15 -> 0 | F67: x R$ | G67: =G61*14.48% -> 257.55941 | H67: = R$ | I67: =E67*G67 -> 0
B68: Encargos Sociais | D68: =Encargos!$D$37 -> 0.7302 | H68: = R$ | I68: =TRUNC(SUM(I61:I67)*D68,2) -> 1535.55
B69: Assistência Médica e Seguro de Vida | E69: 1 | F69: x R$ | G69: =+Dados!$I$14 -> 265.6 | H69: = R$ | I69: =E69*G69 -> 265.6
B70: PPR | E70: 1 | G70: =+Dados!$I$17 -> 29.699167 | H70: = R$ | I70: =E70*G70 -> 29.699167
B71: Total - Ajudante | F71: x R$ | G71: =SUM(I61:I71) -> 3933.7744 | I71: = R$ | J71: =G71 -> 3933.7744
B73: TOTAL PESSOAL, REMUNERAÇÃO E ENCARGOS SOCIAIS
E74: Quant | G74: Valor Unitário | I74: Subtotal
B75: Motorista | E75: =F43 -> 7 | G75: =J58 -> 6707.826 | I75: =G75*E75 -> 46954.782
B76: Ajudante | E76: =I43 -> 14 | G76: =J71 -> 3933.7744 | I76: =G76*E76 -> 55072.841
I77: = R$ | J77: =SUM(I75:I76) -> 102027.62
A80: II | B80: UNIFORMES E EPI'S
B82: Motorista | E82: Quant | G82: Valor Unit | I82: Subtotal
D83: Calça | E83: 3 | F83: un./ano x R$ | G83: =+Dados!$I$21 -> 99.21 | H83: /un. ÷ 12 | I83: =E83*G83/12 -> 24.8025
D84: Camisa | E84: 3 | F84: un./ano x R$ | G84: =+Dados!$I$22 -> 99.21 | H84: /un. ÷ 12 | I84: =E84*G84/12 -> 24.8025
D85: Boné | E85: 2 | F85: un./ano x R$ | G85: =+Dados!$I$24 -> 28.61 | H85: /un. ÷ 12 | I85: =E85*G85/12 -> 4.7683333
D86: Sapato | E86: 4 | F86: par/ano x R$ | G86: =+Dados!$I$23 -> 84.88 | H86: /par ÷ 12 | I86: =E86*G86/12 -> 28.293333
B87: Custo Uniformes - Motorista | E87: 1 | F87: Motorista | H87: x R$ | I87: =SUM(I83:I86) -> 82.666667 | J87: =E87*I87 -> 82.666667
B89: Ajudante | E89: Quant | G89: Valor Unit | I89: Subtotal
D90: Calça | E90: 6 | F90: un./ano x R$ | G90: =+Dados!$I$21 -> 99.21 | H90: /un. ÷ 12 | I90: =E90*G90/12 -> 49.605
D91: Boné | E91: 2 | F91: un./ano x R$ | G91: =+Dados!$I$24 -> 28.61 | H91: /un. ÷ 12 | I91: =E91*G91/12 -> 4.7683333
D92: Sapato | E92: 6 | F92: par/ano x R$ | G92: =+Dados!$I$23 -> 84.88 | H92: /par ÷ 12 | I92: =E92*G92/12 -> 42.44
D93: Camisa | E93: 6 | F93: un./ano x R$ | G93: =+Dados!$I$22 -> 99.21 | H93: /un. ÷ 12 | I93: =E93*G93/12 -> 49.605
D94: Capa de PVC | E94: 2 | F94: un./ano x R$ | G94: =+Dados!$I$25 -> 23.09 | H94: /un. ÷ 12 | I94: =E94*G94/12 -> 3.8483333
D95: Colete Refletivo | E95: 2 | F95: un./ano x R$ | G95: =+Dados!$I$26 -> 18.18 | H95: /un. ÷ 12 | I95: =E95*G95/12 -> 3.03
D96: Protetor solar | E96: 12 | F96: un./ano x R$ | G96: =+Dados!$I$46 -> 12.387 | H96: /un. ÷ 12 | I96: =E96*G96/12 -> 12.387
D97: Luva | E97: 12 | F97: par/ano x R$ | G97: =+Dados!$I$27 -> 12.49 | H97: /par ÷ 12 | I97: =E97*G97/12 -> 12.49
B98: Custo Uniformes - Ajudante | E98: 1 | F98: Ajudante | H98: x R$ | I98: =SUM(I90:I97) -> 178.17367 | J98: =E98*I98 -> 178.17367
B100: TOTAL UNIFORMES E EPI'S
E101: Quant | G101: Valor Unitário | I101: Subtotal
B102: Motorista | E102: =E75 -> 7 | G102: =$J$87 -> 82.666667 | I102: =G102*E102 -> 578.66667
B103: Ajudante | E103: =E76 -> 14 | G103: =$J$98 -> 178.17367 | I103: =G103*E103 -> 2494.4313
I104: = R$ | J104: =SUM(I102:I103) -> 3073.098
A106: III | B106: INSUMOS, VALE TRANSPORTE E AUXILIO ALIMENTAÇÃO
B108: Motorista | E108: Quant | G108: Valor Mensal | I108: Subtotal
B109: Vale Alimentação/Refeição | E109: 1 | F109: x R$ | G109: =+Dados!$I$13 -> 718.71 | H109: = R$ | I109: =E109*G109 -> 718.71
B110: Vale Transporte | E110: =E109 -> 1 | F110: x R$ | G110: =$C$16*Dados!$I$43*2-0.06*G48 -> 113.87167 | H110: = R$ | I110: =E110*G110 -> 113.87167
B111: Total - Motorista | E111: 1 | F111: x R$ | G111: =SUM(I109:I110) -> 832.58167 | I111: = R$ | J111: =G111 -> 832.58167
B113: Ajudante | E113: Quant | G113: Valor Mensal | I113: Subtotal
B114: Vale Alimentação/Refeição | E114: 1 | F114: x R$ | G114: =+Dados!$I$13 -> 718.71 | H114: = R$ | I114: =E114*G114 -> 718.71
B115: Vale Transporte | E115: =E114 -> 1 | F115: x R$ | G115: =$C$16*Dados!$I$43*2-0.06*G61 -> 206.34792 | H115: = R$ | I115: =E115*G115 -> 206.34792
B116: Total - Ajudante | E116: 1 | F116: x R$ | G116: =SUM(I114:I115) -> 925.05792 | I116: = R$ | J116: =G116 -> 925.05792
B118: TOTAL INSUMOS, VALE TRANSPORTE E AUXILIO ALIMENTAÇÃO
E119: Quant | G119: Valor Unitário | I119: Subtotal
B120: Motorista | E120: =E102 -> 7 | G120: =J111 -> 832.58167 | I120: =G120*E120 -> 5828.0717
B121: Ajudante | E121: =E103 -> 14 | G121: =J116 -> 925.05792 | I121: =G121*E121 -> 12950.811
A123: IV | B123: MATERIAIS, FERRAMENTAS E UTENSÍLIOS
B125: Ferramentas e Materias | E125: Quant. | G125: Valor Unit. | I125: Subtotal
...

Sheet Encargos
A2: ENCARGOS SOCIAIS
A3: ÍTEM | B3: A - Encargos Sociais Básicos | C3: VALOR INCIDENTE (%)
A5: A1 | B5: Previdência Social | C5: Lei 8.212/91 | D5: 0.2
A6: A2 | B6: FGTS | C6: Lei 8.030 | D6: 0.08
A7: A3 | B7: Salário Educação | C7: Decreto 87.043/82 | D7: 0.025
A8: A4 | B8: SESI | C8: Artigo 30 Lei 8.036/90 | D8: 0.015
A9: A5 | B9: SENAI | C9: Decreto 2.318/86 | D9: 0.01
A10: A6 | B10: INCRA | C10: Decreto 1.146/70 | D10: 0.002
A11: A7 | B11: Seguro Acidente de Trabalho | C11: Lei 8.212/91 | D11: 0.03
A12: A8 | B12: SEBRAE | C12: Lei 8.029 | D12: 0.006
A13: A9 | B13: Contribuição Social | C13: Lei Complementar 110 | D13: 0
A14: Total dos encargos sociais básicos | D14: =SUM(D5:D13) -> 0.368
A15: ÍTEM | B15: B - Encargos Sociais que recebem incidência de A | C15: VALOR INCIDENTE (%)
A17: B1 | B17: Férias | C17: Artigo 130 CLT | D17: 0.0581
A18: B2 | B18: Auxilio Doença | C18: Artigo 131 CLT | D18: 0.0166
A19: B3 | B19: Acidente Trabalho | C19: Artigo 131 CLT | D19: 0.0025
A20: B4 | B20: Auxilio Paternidade | C20: Artigo 7 item XIX | D20: 0.0006
A21: B5 | B21: Faltas Legais | C21: Artigo 473 CLT | D21: 0.0082
A22: B6 | B22: 13º salário | C22: Lei 7.787/89 | D22: 0.0833
A23: Total dos encargos sociais que recebem inicidência do Grupo 1 | D23: =SUM(D17:D22) -> 0.1693
A24: ÍTEM | B24: C - Encargos Sociais que não recebem as incidências globais de A | C24: VALOR INCIDENTE (%)
A26: C1 | B26: Aviso Previo Indenizado | C26: Artigo 477 CLT | D26: 0.0354
A27: C2 | B27: Férias Indenizadas | D27: 0.053
A28: C3 | B28: Férias Indenizadas s/ aviso prévio indenizado | D28: 0.0039
A29: C4 | B29: Depósito rescisão sem justa causa | D29: 0.033
A30: C5 | B30: Indenizaçao Adicional | C30: Artigo 9 Lei 7.238 | D30: 0.0025
A31: Total dos encargos sociais que não recebem as incidências globais de A | D31: =SUM(D26:D30) -> 0.1278
A32: ÍTEM | B32: D - Taxas de Reincidência - A sobre o B (%)
A34: D1 | B34: Reincidência de A sobre B | C34: Artigo 28 Lei 8.212/91 | D34: =D14*D23 -> 0.0623024
A35: D2 | B35: Incidencias sobre o Sal. Maternidade | C35: Artigo 28 Lei 8.212/91 | D35: 0.0028
B36: Total das taxas de reinicidências | D36: =SUM(D34:D35) -> 0.0651024 | F36: 1600.73
B37: Percentagem Global | D37: =TRUNC(SUM(D14,D23,D31,D36),4) -> 0.7302 | F37: 1542.58
F40: =F37/F36 -> 0.96367282
B43: Assinatura do responsável pela elaboração da planilha

Sheet BDI
A2: BDI
A3: COD | B3: Descrição | C3: REFERÊNCIA | D3: VALOR INCIDENTE (%)
A5: AC | B5: Administração Central | C5: Acórdão TCU 2622/2013 | D5: 0.0343
A6: DF | B6: Despesas Financeiras | C6: Acórdão TCU 2622/2013 | D6: 0.0094
A7: R | B7: Riscos | C7: Acórdão TCU 2622/2013 | D7: 0.01
A8: S | B8: Seguros e Garantias | C8: Acórdão TCU 2622/2013 | D8: 0.0028
A9: L | B9: Lucro | C9: Acórdão TCU 2622/2013 | D9: 0.0804
A11: Total | D11: =SUM(D5:D10) -> 0.1369
A12: ÍTEM | B12: Tributos | C12: REFERÊNCIA | D12: VALOR INCIDENTE (%)
B14: ISS | D14: 0.05
B15: PIS | D15: 0.0165
B16: COFINS | D16: 0.076
A17: Total (I) | D17: =SUM(D14:D16) -> 0.1425
A18: BDI | D18: =+ROUND(((((1+D5+D8+D7)*(1+D6)*(1+D9))/(1-D17))-1)*1,4) -> 0.3317
A19: Referência: Obras de Saneamento (1° Quartil)
A21: Fórmula de Cálculo do BDI:
A27: ÍTEM | B27: Tributos Federais (para DRE) | C27: VALOR INCIDENTE (%)
A29: C1 | B29: IRRF | D29: 0.15
A30: C2 | B30: Adicional de IRRF | D30: 0.1
A31: C3 | B31: Contribuição Social | D31: 0.09
B36: Assinatura do responsável pela elaboração da planilha

Sheet Dados
F4: RELAÇÃO DE INSUMOS
F6: ITEM | G6: MÃO DE OBRA | H6: UNIDADE | I6: VALOR | J6: REFERÊNCIA
F7: 1 | G7: Motorista | H7: mês | I7: =3102.8*1.07 -> 3319.996 | J7: Convenção Coletiva Motoristas
F8: =F7+1 -> 2 | G8: Coletor | H8: mês | I8: =1724.4*1.07 -> 1845.108 | J8: Convenção Coletiva Asseio
F9: =F8+1 -> 3 | G9: Encarregado Geral | H9: mês | I9: 8059.15 | J9: Sinapi - 40.818
F10: =F9+1 -> 4 | G10: Varredor/Gari | H10: mês | I10: =1662.36*1.07 -> 1778.7252 | J10: Convenção Coletiva Asseio
F11: =F10+1 -> 5 | G11: Fiscal de Serviço | H11: mês | I11: =2404.69*1.07 -> 2573.0183
F12: =F11+1 -> 6 | G12: Fiscal de Coleta | H12: mês | I12: =2404.69*1.07 -> 2573.0183
F13: =F12+1 -> 7 | G13: Vale Refeição + Alimentação - Asseio | H13: mês | I13: =21.8*26+151.91 -> 718.71 | J13: Convenção Coletiva Asseio
F14: =F13+1 -> 8 | G14: Assistência Médica + Seguro de Vida | H14: mês | I14: =191.74+36.76+37.1 -> 265.6 | J14: Convenção Coletiva Asseio
F15: =F14+1 -> 9 | G15: Operador de Roçadeira | H15: mês | I15: =1724.4*1.07 -> 1845.108 | J15: Convenção Coletiva Asseio
F16: =F15+1 -> 10 | G16: Operador de Máquina | H16: mês | I16: =2691.38*1.07 -> 2879.7766 | J16: Convenção Coletiva Asseio
F17: =F16+1 -> 11 | G17: PPR | H17: mês | I17: =356.39/12 -> 29.699167 | J17: Convenção Coletiva
F18: =F17+1 -> 12 | G18: PPR - Motoristas | H18: mês | I18: =1644.48/12 -> 137.04
F20: ITEM | G20: MATERIAIS | H20: UNIDADE | I20: VALOR | J20: REFERÊNCIA
F21: 1 | G21: Calça | H21: unid. | I21: =198.42/2 -> 99.21 | J21: Fortebrim
F22: =F21+1 -> 2 | G22: Camisa | H22: unid. | I22: =198.42/2 -> 99.21 | J22: Mercado Livre
F23: =F22+1 -> 3 | G23: Sapato | H23: par | I23: 84.88 | J23: Mercado Livre
F24: =F23+1 -> 4 | G24: Boné | H24: unid. | I24: 28.61 | J24: Super EPI
F25: =F24+1 -> 5 | G25: Capa de chuva | H25: unid. | I25: 23.09 | J25: Aliexpress
F26: =F25+1 -> 6 | G26: Colete refletivo | H26: unid. | I26: 18.18 | J26: Sinapi - 12.894
F27: =F26+1 -> 7 | G27: Luva de raspa | H27: par | I27: 12.49 | J27: SuperEPI
F28: =F27+1 -> 8 | G28: Pá quadrada | H28: unid. | I28: 43.81 | J28: Anhaguera Ferramentas
F29: =F28+1 -> 9 | G29: Vassourão | H29: unid. | I29: 48.32 | J29: Sinapi - 38.400
F30: =F29+1 -> 10 | G30: Pneu (275 x 80) | H30: unid. | I30: 2850 | J30: Continental
F31: =F30+1 -> 11 | G31: Camara Pneu (275 x 80) | H31: unid. | I31: 188.98 | J31: OLX
F32: =F31+1 -> 12 | G32: Protetor (parabarro) | H32: un | I32: 75.72 | J32: JBC Diesel
F33: =F32+1 -> 13 | G33: Pneu (275 x 80) recapado | H33: unid. | I33: 1105 | J33: Mercado Livre
F34: =F33+1 -> 14 | G34: Diesel | H34: unid. | I34: 6.04 | J34: ANP (11/25)
... F38: =F37+1 -> 18 | G38: Graxa | H38: kg | I38: 45.13 | J38: Sinapi - 4.229
F39: =F38+1 -> 19 | G39: sacos plásticos 100 litros | H39: unid. | I39: =13.96/20 -> 0.698 | J39: Mercado Livre
F40: =F39+1 -> 20 | G40: Enxada | H40: unid. | I40: 73.03 | J40: Sinapi - 38.403
F41: =F40+1 -> 21 | G41: Carrinho de mão | H41: unid. | I41: 227.48 | J41: Sinapi - 2.711
F42: =F41+1 -> 22 | G42: Tela fachadeira com 50 mt | H42: unid. | I42: =2.07*50 -> 103.5 | J42: Sinapi - 7170
F43: =F42+1 -> 23 | G43: Passagem de Ônibus | H43: unid. | I43: 6
F44: =F43+1 -> 24 | G44: Cone de sinalização | H44: unid. | I44: 49.4 | J44: Sinapi - 13.244
F45: =F44+1 -> 25 | G45: Salário Mínimo | H45: unid. | I45: 1621
F46: =F45+1 -> 26 | G46: Protetor solar fator 15 | H46: unid. | I46: =247.74/20 -> 12.387 | J46: Sinapi - 36.146
F47: =F46+1 -> 27 | G47: Lona plástica | H47: m2 | I47: 2.28 | J47: Sinapi - 42.408
F49: ITEM | G49: EQUIPAMENTOS | H49: UNIDADE | I49: VALOR | J49: REFERÊNCIA | V49: Parametrizado
F50: 1 | G50: Chassi Caminhão PBT 16.000 kg (VW 18.260 Compator) | H50: un | I50: 586500 | J50: Tabela FIPE - mar/26 | V50: 372219 | W50: =I50/V50 -> 1.5756853
F51: =F50+1 -> 2 | G51: Caixa compactadora 15 m3 - Ecolix | H51: unid. | I51: 311600 | J51: Planalto
F52: =F51+1 -> 3 | G52: Carroceria metálica | H52: unid. | I52: 32083.26 | J52: Sinapi - 37.731
F53: =F52+1 -> 4 | G53: Guindauto munck | H53: unid. | I53: 144875 | J53: Sinapi - 3363
F54: =F53+1 -> 5 | G54: Ônibus Urbano - Ref. Volare Urbano | H54: unid. | I54: 623489 | J54: Tabela FIPE - mar/26
F55: =F54+1 -> 6 | G55: Caçamba Basculante 6 m3 | H55: unid. | I55: 62705.28 | J55: Sicro - A9338
F56: =F55+1 -> 7 | G56: Chassi Caminhão PBT 23.000 kg (VW 26.260 - Compactor) | H56: unid. | I56: 610451 | J56: Tabela FIPE - mar/26
F57: =F56+1 -> 8 | G57: Carroceria Baú 30 m3 | H57: unid. | I57: 84000 | J57: Grimaldi
F58: =F57+1 -> 9 | G58: Caçamba Basculante 10 m3 | H58: unid. | I58: 85756.5 | J58: Sicro - A9342
F59: =F58+1 -> 10 | G59: Cabine Complementar caminhão | H59: unid. | I59: 22900 | J59: Maxfort
F60: =F59+1 -> 11 | G60: Banheiro rebocável (banheiro + carreta) | H60: unid. | I60: 14200 | J60: OLX
F61: =F60+1 -> 12 | G61: Conteiner metálico de 1.000 litros | H61: unid. | I61: 2579.96 | J61: Magazine Luiza
F62: =F61+1 -> 13 | G62: Poliguindaste Simples | H62: unid. | I62: 73150 | J62: Modelaço
F63: =F62+1 -> 14 | G63: Caçamba Estacionária 5 m3 | H63: unid. | I63: 7900 | J63: Mercado Livre
F64: =F63+1 -> 15 | G64: Caixa compactadora 19 m3 - Carga Lateral | H64: unid. | I64: 1300000
F65: =F64+1 -> 16 | G65: Conteiner de Carga Lateral - 3,2 m3 | H65: unid. | I65: 11000
F67: ITEM | G67: SERVIÇOS CONTRATADOS | H67: UNIDADE | I67: VALOR | J67: REFERÊNCIA
F68: 1 | G68: Veículo para Fiscalização | H68: hrs | I68: 44.02 | J68: DER - 72.02.02.01
F69: =F68+1 -> 2 | G69: Pá Carregadeira | H69: hrs | I69: 286.27 | J69: Sicro - E9581
F70: =F69+1 -> 3 | G70: Sistema rastreamento | H70: unid. | I70: 259 | J70: Rascol
F71: =F70+1 -> 4 | G71: Câmera de ré (com instalação) | H71: unid. | I71: 925.54 | J71: Orbe
F72: =F71+1 -> 5 | G72: Lavagem de caminhão | H72: unid. | I72: 100
F73: =F72+1 -> 6 | G73: Disposição Final dos resíduos Classe IIA | H73: t. | I73: 180 | J73: CTR Lara
F74: =F73+1 -> 7 | G74: Disposição Final dos resíduos Volumosos | H74: t. | I74: 55 | J74: CTR Lara | L74: =49/1.32 -> 37.121212
F76: ITEM | G76: DADOS ECONÔMICOS | H76: UNIDADE | I76: VALOR | J76: REFERÊNCIA
F77: 1 | G77: Txa de Juros | H77: % | I77: 0.15 | J77: Selic
G80: Assinatura do responsável pela elaboração da planilha

Sheet Modelo Cronograma
C3: CRONOGRAMA FÍSICO-FINANCEIRO
C4: ITEM | D4: DESCRIÇÃO DOS SERVIÇOS | E4: R$ | F4: % ETAPA | H4: PERÍODO: 1 | J4: PERÍODO: 2 | L4: PERÍODO: 3 | N4: PERÍODO: 4 | P4: PERÍODO: 5
F5: % sobre o total do orçamento | G5: % sobre o total da planilha | H5: 6 meses | J5: 12 meses | L5: 18 meses | N5: 24 meses | P5: 30 meses
H6: A | I6: B | J6: A | K6: B | L6: A | M6: B | N6: A | O6: B | P6: A | Q6: B
C7: 1. | D7: Coleta de Resíduos Sólidos Domiciliares, Comercial e Público | E7: =((+Planilha!F6+Planilha!$F$7)*Planilha!$G$6)*12+(+Planilha!F6*Planilha!$G$6)*48 -> 0 | F7: =TRUNC(E7/$E$14,4) -> #DIV/0! | G7: =F7 -> #DIV/0! | H7: =(+Planilha!$F$6+Planilha!$F$7)*Planilha!$G$6*6 -> 0 | I7: =ROUNDDOWN(H7/$E$14,4) -> #DIV/0! | J7: =H7 -> 0 | K7: =I7 -> #DIV/0! | L7: =(+Planilha!$F$6)*Planilha!$G$6*6 -> 0 | M7: =K7 -> #DIV/0! | N7: =L7 -> 0 | O7: =M7 -> #DIV/0! | P7: =N7 -> 0 | Q7: =O7 -> #DIV/0!
C8: 2. | D8: Coleta Mecanizada de Resíduos Sólidos Domiciliares, Comercial e Público - Carga Lateral | E8: =+Planilha!H7*48 -> 0 | F8: =TRUNC(E8/$E$14,4) -> #DIV/0! | G8: =F8 -> #DIV/0! | H8: 0 | I8: =ROUNDDOWN(H8/$E$14,4) -> #DIV/0! | J8: =H8 -> 0 | K8: =I8 -> #DIV/0! | L8: =(+Planilha!$F$7)*Planilha!$G$7*6 -> 0 | M8: =ROUNDDOWN(L8/$E$14,4) -> #DIV/0! | N8: =L8 -> 0 | O8: =M8 -> #DIV/0! | P8: =N8 -> 0 | Q8: =O8 -> #DIV/0!
C9: 3. | D9: Coleta Seletiva de Materiais Recicláveis | E9: =+Planilha!H8*60 -> 0 | F9: =TRUNC(E9/$E$14,4) -> #DIV/0! | G9: =F9 -> #DIV/0! | H9: =+Planilha!$H$8*6 -> 0 | I9: =ROUNDUP(H9/$E$14,4) -> #DIV/0! | J9: =H9 -> 0 | K9: =I9 -> #DIV/0! | L9: =J9 -> 0 | M9: =ROUNDDOWN(L9/$E$14,4) -> #DIV/0! | N9: =L9 -> 0 | O9: =M9 -> #DIV/0! | P9: =N9 -> 0 | Q9: =O9 -> #DIV/0!
C10: 4. | D10: Transporte de Resíduos Sólidos Domiciliares, Comercial e Público fora do Município | E10: =+Planilha!H9*60 -> 0 | F10: =TRUNC(E10/$E$14,4) -> #DIV/0! | G10: =F10 -> #DIV/0! | H10: =+Planilha!$H$9*6 -> 0 | I10: =ROUNDUP(H10/$E$14,4) -> #DIV/0! | J10: =H10 -> 0 | K10: =I10 -> #DIV/0! | L10: =J10 -> 0 | M10: =ROUNDDOWN(L10/$E$14,4) -> #DIV/0! | N10: =L10 -> 0 | O10: =M10 -> #DIV/0! | P10: =N10 -> 0 | Q10: =O10 -> #DIV/0!
C11: 5. | D11: Remoção de Caçambas Estacionárias | E11: =+Planilha!H10*60 -> 0 | F11: =TRUNC(E11/$E$14,4) -> #DIV/0! | G11: =F11 -> #DIV/0! | H11: =+Planilha!$H$10*6 -> 0 | I11: =ROUNDDOWN(H11/$E$14,4) -> #DIV/0! | J11: =H11 -> 0 | K11: =I11 -> #DIV/0! | L11: =J11 -> 0 | M11: =ROUNDDOWN(L11/$E$14,4) -> #DIV/0! | N11: =L11 -> 0 | O11: =M11 -> #DIV/0! | P11: =N11 -> 0 | Q11: =O11 -> #DIV/0!
C12: 6. | D12: Destinação Final de Resíduos Sólidos Domiciliares, Comercial e Público | E12: =+Planilha!H11*60 -> 0 | F12: =TRUNC(E12/$E$14,4) -> #DIV/0! | G12: =F12 -> #DIV/0! | H12: =+Planilha!$H$11*6 -> 0 | I12: =ROUNDUP(H12/$E$14,4) -> #DIV/0! | J12: =H12 -> 0 | K12: =I12 -> #DIV/0! | L12: =J12 -> 0 | M12: =ROUNDDOWN(L12/$E$14,4) -> #DIV/0! | N12: =L12 -> 0 | O12: =M12 -> #DIV/0! | P12: =N12 -> 0 | Q12: =O12 -> #DIV/0!
C13: 7. | D13: Remoção e Disposição Final de Materias Inertes e RCC | E13: =+Planilha!H12*60 -> 0 | F13: =TRUNC(E13/$E$14,4) -> #DIV/0! | G13: =F13 -> #DIV/0! | H13: =+Planilha!$H$12*6 -> 0 | I13: =ROUNDUP(H13/$E$14,4) -> #DIV/0! | J13: =H13 -> 0 | K13: =I13 -> #DIV/0! | L13: =J13 -> 0 | M13: =ROUNDDOWN(L13/$E$14,4) -> #DIV/0! | N13: =L13 -> 0 | O13: =M13 -> #DIV/0! | P13: =N13 -> 0 | Q13: =O13 -> #DIV/0!
C14: VALOR TOTAL (R$) | E14: =SUM(E7:E13) -> 0 | F14: 1 | G14: 1 | H14: =SUM(H7:H13) -> 0 | I14: 0.0167 | J14: =SUM(J7:J13) -> 0 | K14: =I14 -> 0.0167 | L14: =SUM(L7:L13) -> 0 | M14: =K14 -> 0.0167 | N14: =SUM(N7:N13) -> 0 | O14: =M14 -> 0.0167 | P14: =SUM(P7:P13) -> 0 | Q14: =O14 -> 0.0167
C15: % SIMPLES | H15: =H14/$E$14 -> #DIV/0! | J15: =J14/$E$14 -> #DIV/0! | L15: =L14/$E$14 -> #DIV/0! | N15: =N14/$E$14 -> #DIV/0! | P15: =P14/$E$14 -> #DIV/0!
C16: % ACUMULADO | H16: =H15 -> #DIV/0! | J16: =H16+J15 -> #DIV/0! | L16: =J16+L15 -> #DIV/0! | N16: =L16+N15 -> #DIV/0! | P16: =N16+P15 -> #DIV/0!
C17: TOTAL SIMPLES | H17: =$H$14 -> 0 | J17: =$H$14 -> 0 | L17: =$H$14 -> 0 | N17: =$H$14 -> 0 | P17: =$H$14 -> 0
C18: TOTAL ACUMULADO | H18: =H17 -> 0 | J18: =H18+J17 -> 0 | L18: =J18+L17 -> 0 | N18: =L18+N17 -> 0 | P18: =N18+P17 -> 0
C21: CRONOGRAMA FÍSICO-FINANCEIRO
C22: ITEM | D22: DESCRIÇÃO DOS SERVIÇOS | E22: R$ | F22: % ETAPA | H22: PERÍODO: 6 | J22: PERÍODO: 7 | L22: PERÍODO: 8 | N22: PERÍODO: 9 | P22: PERÍODO: 10
F23: % sobre o total do orçamento | G23: % sobre o total da planilha | H23: 36 meses | J23: 42 meses | L23: 48 meses | N23: 54 meses | P23: 60 meses
H24: A | I24: B | J24: A | K24: B | L24: A | M24: B | N24: A | O24: B | P24: A | Q24: B
C25: 1. | D25: Coleta de Resíduos Sólidos Domiciliares, Comercial e Público | E25: =E7 -> 0 | F25: =F7 -> #DIV/0! | G25: =G7 -> #DIV/0! | H25: =P7 -> 0 | I25: =I7 -> #DIV/0! | J25: =H25 -> 0 | K25: =I25 -> #DIV/0! | L25: =J25 -> 0 | M25: =K25 -> #DIV/0! | N25: =L25 -> 0 | O25: =M25 -> #DIV/0! | P25: =N25 -> 0 | Q25: =O25 -> #DIV/0!
C26: 2. | D26: Coleta Mecanizada de Resíduos Sólidos Domiciliares, Comercial e Público - Carga Lateral | E26: =E8 -> 0 | F26: =F8 -> #DIV/0! | G26: =G8 -> #DIV/0! | H26: =P8 -> 0 | I26: =I8 -> #DIV/0! | J26: =H26 -> 0 | K26: =I26 -> #DIV/0! | L26: =J26 -> 0 | M26: =K26 -> #DIV/0! | N26: =L26 -> 0 | O26: =M26 -> #DIV/0! | P26: =N26 -> 0 | Q26: =O26 -> #DIV/0!
C27: 3. | D27: Coleta Seletiva de Materiais Recicláveis | E27: =E9 -> 0 | F27: =F9 -> #DIV/0! | G27: =G9 -> #DIV/0! | H27: =P9 -> 0 | I27: =I9 -> #DIV/0! | J27: =H27 -> 0 | K27: =I27 -> #DIV/0! | L27: =J27 -> 0 | M27: =K27 -> #DIV/0! | N27: =L27 -> 0 | O27: =M27 -> #DIV/0! | P27: =N27 -> 0 | Q27: =O27 -> #DIV/0!
C28: 4. | D28: Transporte de Resíduos Sólidos Domiciliares, Comercial e Público fora do Município | E28: =E10 -> 0 | F28: =F10 -> #DIV/0! | G28: =G10 -> #DIV/0! | H28: =P10 -> 0 | I28: =I10 -> #DIV/0! | J28: =H28 -> 0 | K28: =I28 -> #DIV/0! | L28: =J28 -> 0 | M28: =K28 -> #DIV/0! | N28: =L28 -> 0 | O28: =M28 -> #DIV/0! | P28: =N28 -> 0 | Q28: =O28 -> #DIV/0!
C29: 5. | D29: Remoção de Caçambas Estacionárias | E29: =E11 -> 0 | F29: =F11 -> #DIV/0! | G29: =G11 -> #DIV/0! | H29: =P11 -> 0 | I29: =I11 -> #DIV/0! | J29: =H29 -> 0 | K29: =I29 -> #DIV/0! | L29: =J29 -> 0 | M29: =K29 -> #DIV/0! | N29: =L29 -> 0 | O29: =M29 -> #DIV/0! | P29: =N29 -> 0 | Q29: =O29 -> #DIV/0!
C30: 6. | D30: Destinação Final de Resíduos Sólidos Domiciliares, Comercial e Público | E30: =E12 -> 0 | F30: =F12 -> #DIV/0! | G30: =G12 -> #DIV/0! | H30: =P12 -> 0 | I30: =I12 -> #DIV/0! | J30: =H30 -> 0 | K30: =I30 -> #DIV/0! | L30: =J30 -> 0 | M30: =K30 -> #DIV/0! | N30: =L30 -> 0 | O30: =M30 -> #DIV/0! | P30: =N30 -> 0 | Q30: =O30 -> #DIV/0!
C31: 7. | D31: Remoção e Disposição Final de Materias Inertes e RCC | E31: =E13 -> 0 | F31: =F13 -> #DIV/0! | G31: =G13 -> #DIV/0! | H31: =P13 -> 0 | I31: =I13 -> #DIV/0! | J31: =H31 -> 0 | K31: =I31 -> #DIV/0! | L31: =J31 -> 0 | M31: =K31 -> #DIV/0! | N31: =L31 -> 0 | O31: =M31 -> #DIV/0! | P31: =N31 -> 0 | Q31: =O31 -> #DIV/0!
C32: VALOR TOTAL (R$) | E32: =E14 -> 0 | F32: =F14 -> 1 | G32: =G14 -> 1 | H32: =SUM(H25:H31) -> 0 | I32: =I14 -> 0.0167 | J32: =SUM(J25:J31) -> 0 | K32: =I32 -> 0.0167 | L32: =SUM(L25:L31) -> 0 | M32: =K32 -> 0.0167 | N32: =SUM(N25:N31) -> 0 | O32: =M32 -> 0.0167 | P32: =SUM(P25:P31) -> 0 | Q32: =O32 -> 0.0167
C33: % SIMPLES | H33: =H32/$E$14 -> #DIV/0! | J33: =J32/$E$14 -> #DIV/0! | L33: =L32/$E$14 -> #DIV/0! | N33: =N32/$E$14 -> #DIV/0! | P33: =P32/$E$14 -> #DIV/0!
C34: % ACUMULADO | H34: =P16+H33 -> #DIV/0! | J34: =H34+J33 -> #DIV/0! | L34: =J34+L33 -> #DIV/0! | N34: =L34+N33 -> #DIV/0! | P34: =N34+P33 -> #DIV/0!
C35: TOTAL SIMPLES | H35: =$H$14 -> 0 | J35: =$H$14 -> 0 | L35: =$H$14 -> 0 | N35: =$H$14 -> 0 | P35: =$H$14 -> 0
C36: TOTAL ACUMULADO | H36: =P18+H35 -> 0 | J36: =H36+J35 -> 0 | L36: =J36+L35 -> 0 | N36: =L36+N35 -> 0 | P36: =N36+P35 -> 0

Sheet 1.3. COL RSS B
A2: COMPOSIÇÃO DE CUSTOS
A4: Coleta de resíduos de serviços de saúde - remédios vencidos e animais de pequeno e médio porte
B7: DADOS OPERACIONAIS
B8: Dias no ano: | C8: 365.25 | D8: dias
B9: Domingos no ano: | C9: =C8/7 -> 52.178571 | D9: domingos
B10: Feriados no ano: | C10: 12 | D10: dias
B11: Média dias normais: | C11: =(C8-C9-C10)/12 -> 25.089286 | D11: dias
B12: Média dias coletas: | C12: =(C8-C9)/12 -> 26.089286 | D12: dias
B14: QUANTIDADE: | C14: =#REF! -> #REF! | D14: t./mês | F14: t./dia
B15: 1º Turno | C15: 1 | D15: =TRUNC(C14*C15,2) -> #REF! | E15: =C11 -> 25.089286 | F15: =ROUNDUP(D15/$E$15,2) -> #REF!
B16: 2º Turno | C16: =1-C15 -> 0 | D16: =TRUNC(C14*C16,2) -> #REF! | E16: =C12 -> 26.089286 | F16: =ROUNDUP(D16/$E$16,2) -> #REF!
B17: DIAS EFETIVOS:
B19: DIMENSIONAMENTO: | F19: GUARNIÇÕES:
B20: CAPACIDADE: | C20: 1 | D20: t/viagem | F20: 1º Turno | G20: =ROUNDUP(F15/$C$22,0) -> #REF!
B21: Q. VIAGENS: | C21: 1 | D21: viagens | F21: 2º Turno | G21: =ROUND(F16/$C$22,0) -> #REF!
B22: PROD xTURNO: | C22: =TRUNC(C20*C21,2) -> 1 | D22: t/turno
B24: Veículos
B26: Veículo Furgão | D26: Quantidade | E26: Reserva | F26: Km/dia por Veíc. | G26: Km por mês | H26: Efetivo | I26: Reserva
B27: 1º Turno | D27: =G20 -> #REF! | E27: 0 | F27: =60+140 -> 200 | G27: =(F27*$E$15*D27) -> #REF! | H27: =D27 -> #REF! | I27: =ROUNDUP(D27*E27,0) -> #REF!
B28: 2º Turno | D28: =G21 -> #REF! | E28: 0 | F28: 0 | G28: =(F28*$E$15*D28) -> #REF! | H28: =D28 -> #REF! | I28: =ROUNDUP(D28*E28,0) -> #REF!
B29: Domingos | D29: 0 | E29: 0 | F29: 0 | G29: =F29*D29 -> 0 | H29: =D29 -> 0 | I29: =ROUNDUP(D29*E29,0) -> 0
B30: Total de Km/mês | G30: =SUM(G27:G28) -> #REF!
B32: Mão de Obra | H32: Reserva Téc: | I32: 0.025
B34: Mão de Obra Direta | D34: Motorista | G34: Coletor
D35: Quantidade | E35: Reserva | F35: Total | G35: Quantidade | H35: Reserva | I35: Total
B36: 1º Turno | D36: =ROUNDUP(+D27,0) -> #REF! | E36: =ROUNDUP(D36*$I$32,1) -> #REF! | F36: =ROUND(D36+E36,0) -> #REF! | G36: =D36*1 -> #REF! | H36: =ROUNDUP(G36*$I$32,1) -> #REF! | I36: =ROUND(G36+H36,0) -> #REF!
B37: 2º Turno | D37: =ROUNDUP(+D28,0) -> #REF! | E37: =ROUNDUP(D37*$I$32,1) -> #REF! | F37: =ROUND(D37+E37,0) -> #REF! | G37: =D37*1 -> #REF! | H37: =ROUNDUP(G37*$I$32,1) -> #REF! | I37: =ROUND(G37+H37,0) -> #REF!
B38: Total de Funcionários | F38: =SUM(F36:F37) -> #REF! | I38: =SUM(I36:I37) -> #REF!
G40: 0
A43: I | B43: PESSOAL, REMUNERAÇÃO E ENCARGOS SOCIAIS
B45: Motorista | E45: Quant | G45: Valor Mensal | I45: Subtotal
B46: Salário Base | E46: 1 | F46: x R$ | G46: =+Dados!$I$7 -> 3319.996 | H46: = R$ | I46: =E46*G46 -> 3319.996
B47: Hora Extra | E47: 0 | F47: x R$ | G47: =G46/220*1.5 -> 22.636336 | H47: = R$ | I47: =E47*G47 -> 0
B48: Reflexo no DSR - H.E. 50% | E48: =((E47/26.08)*(($C$9+$C$10)/12)) -> 0 | F48: x R$ | G48: =((G46+G49)/220*1.5) -> 24.846791 | H48: = R$ | I48: =E48*G48 -> 0
B49: Insalubridade (% Sal. Mín.) | D49: 0.2 | E49: =E46 -> 1 | F49: x R$ | G49: =+Dados!$I$45*D49 -> 324.2 | H49: = R$ | I49: =E49*G49 -> 324.2
B50: Domingos/Feriados - H.E. 100% | E50: 0 | F50: x R$ | G50: =(G46+G49)/220*2 -> 33.129055 | H50: = R$ | I50: =E50*G50 -> 0
B51: Reflexo no DSR - H.E. 100% | E51: =((E50/26.08)*(($C$9+$C$10)/12)) -> 0 | F51: x R$ | G51: =((G46+G49)/220*2) -> 33.129055 | H51: = R$ | I51: =E51*G51 -> 0
B52: Adicional Noturno | E52: =F37/F38 -> #REF! | F52: x R$ | G52: =G46*14.48% -> 480.73542 | H52: = R$ | I52: =E52*G52 -> #REF!
B53: Encargos Sociais | D53: =Encargos!$D$37 -> 0.7302 | H53: = R$ | I53: =TRUNC(SUM(I46:I52)*D53,2) -> #REF!
B54: Assistência Médica e Seguro de Vida | E54: 1 | F54: x R$ | G54: =+Dados!$I$14 -> 265.6 | H54: = R$ | I54: =E54*G54 -> 265.6
B55: Benefício Social | E55: 1 | F55: x R$ | G55: =+Dados!#REF! -> #REF! | H55: = R$ | I55: =E55*G55 -> #REF!
B56: PPR | D56: =+'1. RSD'!$D$62 -> 0 | E56: 1 | G56: =G46*D56 -> 0 | H56: = R$ | I56: =E56*G56 -> 0
B57: Gratificação | E57: 1 | F57: x R$ | G57: =+Dados!#REF! -> #REF! | H57: = R$ | I57: =E57*G57 -> #REF!
B58: Total Motorista | F58: x R$ | G58: =SUM(I46:I58) -> #REF! | I58: = R$ | J58: =G58 -> #REF!
B60: Coletor | E60: Quant | G60: Valor Mensal | I60: Subtotal
B61: Salário Base | E61: 1 | F61: x R$ | G61: =+Dados!$I$8 -> 1845.108 | H61: = R$ | I61: =E61*G61 -> 1845.108
B62: Hora Extra | E62: 0 | F62: x R$ | G62: =G61/220*1.5 -> 12.580282 | H62: = R$ | I62: =E62*G62 -> 0
B63: Reflexo no DSR - H.E. 50% | E63: =((E62/26.08)*(($C$9+$C$10)/12)) -> 0 | F63: x R$ | G63: =((G61+G64)/220*1.5) -> 17.001191 | H63: = R$ | I63: =E63*G63 -> 0
B64: Insalubridade (% Sal. Mín.) | D64: 0.4 | E64: =E61 -> 1 | F64: x R$ | G64: =+Dados!$I$45*D64 -> 648.4 | H64: = R$ | I64: =E64*G64 -> 648.4
B65: Domingos/Feriados | E65: 0 | F65: x R$ | G65: =G61/220*2 -> 16.773709 | H65: = R$ | I65: =E65*G65 -> 0
B66: Reflexo no DSR - H.E. 100% | E66: =((E65/26.08)*(($C$9+$C$10)/12)) -> 0 | F66: x R$ | G66: =((G61+G64)/220*2) -> 22.668255 | H66: = R$ | I66: =E66*G66 -> 0
B67: Adicional Noturno | E67: =I37/I38 -> #REF! | F67: x R$ | G67: =G61*14.48% -> 267.17164 | H67: = R$ | I67: =E67*G67 -> #REF!
B68: Encargos Sociais | D68: =Encargos!$D$37 -> 0.7302 | H68: = R$ | I68: =TRUNC(SUM(I61:I67)*D68,2) -> #REF!
B69: Assistência Médica e Seguro de Vida | E69: 1 | F69: x R$ | G69: =+Dados!$I$14 -> 265.6 | H69: = R$ | I69: =E69*G69 -> 265.6
B70: Benefício Social | E70: 1 | F70: x R$ | G70: =+Dados!#REF! -> #REF! | H70: = R$ | I70: =E70*G70 -> #REF!
B71: PPR | D71: =+Dados!$I$17 -> 29.699167 | E71: 1 | G71: =G61*D71 -> 54798.17 | H71: = R$ | I71: =E71*G71 -> 54798.17
B72: Total Coletor | F72: x R$ | G72: =SUM(I61:I72) -> #REF! | I72: = R$ | J72: =G72 -> #REF!
B74: TOTAL PESSOAL, REMUNERAÇÃO E ENCARGOS SOCIAIS
E75: Quant | G75: Valor Unitário | I75: Subtotal
B76: Motorista | E76: =F38 -> #REF! | G76: =J58 -> #REF! | I76: =G76*E76 -> #REF!
B77: Coletor | E77: =I38 -> #REF! | G77: =J72 -> #REF! | I77: =G77*E77 -> #REF!
I78: = R$ | J78: =SUM(I76:I77) -> #REF!
A81: II | B81: UNIFORMES E EPI'S
B83: Motorista | E83: Quant | G83: Valor Unit | I83: Subtotal
D84: Calça | E84: 3 | F84: un./ano x R$ | G84: =+Dados!$I$21 -> 99.21 | H84: /un. ÷ 12 | I84: =E84*G84/12 -> 24.8025
D85: Camisa | E85: 3 | F85: un./ano x R$ | G85: =+Dados!$I$22 -> 99.21 | H85: /un. ÷ 12 | I85: =E85*G85/12 -> 24.8025
D86: Boné | E86: 2 | F86: un./ano x R$ | G86: =+Dados!$I$22 -> 99.21 | H86: /un. ÷ 13 | I86: =E86*G86/12 -> 16.535
D87: Sapato | E87: 4 | F87: par/ano x R$ | G87: =+Dados!$I$23 -> 84.88 | H87: /par ÷ 12 | I87: =E87*G87/12 -> 28.293333
B88: Custo Uniformes Motorista | E88: 1 | F88: Motorista | H88: x R$ | I88: =SUM(I84:I87) -> 94.433333 | J88: =E88*I88 -> 94.433333
B90: Coletor | E90: Quant | G90: Valor Unit | I90: Subtotal
D91: Calça | E91: 6 | F91: un./ano x R$ | G91: =+Dados!$I$21 -> 99.21 | H91: /un. ÷ 12 | I91: =E91*G91/12 -> 49.605
D92: Boné | E92: 2 | F92: un./ano x R$ | G92: =+Dados!$I$24 -> 28.61 | H92: /un. ÷ 12 | I92: =E92*G92/12 -> 4.7683333
D93: Bota | E93: 6 | F93: par/ano x R$ | G93: =+Dados!#REF! -> #REF! | H93: /par ÷ 12 | I93: =E93*G93/12 -> #REF!
D94: Camisa | E94: 6 | F94: un./ano x R$ | G94: =+Dados!$I$22 -> 99.21 | H94: /un. ÷ 12 | I94: =E94*G94/12 -> 49.605
D95: Capa de PVC | E95: 2 | F95: un./ano x R$ | G95: =+Dados!$I$25 -> 23.09 | H95: /un. ÷ 12 | I95: =E95*G95/12 -> 3.8483333
D96: Colete Refletivo | E96: 2 | F96: un./ano x R$ | G96: =+Dados!$I$26 -> 18.18 | H96: /un. ÷ 12 | I96: =E96*G96/12 -> 3.03
D97: Protetor solar | E97: 12 | F97: un./ano x R$ | G97: =+Dados!$I$46 -> 12.387 | H97: /un. ÷ 12 | I97: =E97*G97/12 -> 12.387
D98: Luva | E98: 12 | F98: par/ano x R$ | G98: =+Dados!$I$27 -> 12.49 | H98: /par ÷ 12 | I98: =E98*G98/12 -> 12.49
D99: Lavagem conforme NR38 | E99: =E91+E94+E92 -> 14 | F99: par/ano x R$ | G99: =+Dados!#REF! -> #REF! | H99: /par ÷ 13 | I99: =E99*G99/12 -> #REF!
B100: Custo Uniformes - Coletor | E100: 1 | H100: x R$ | I100: =SUM(I91:I99) -> #REF! | J100: =E100*I100 -> #REF!
B103: TOTAL UNIFORMES E EPI'S
E104: Quant | G104: Valor Unitário | I104: Subtotal
B105: Motorista | E105: =F38 -> #REF! | G105: =J88 -> 94.433333 | I105: =G105*E105 -> #REF!
B106: Coletor | E106: =I38 -> #REF! | G106: =J100 -> #REF! | I106: =G106*E106 -> #REF!
I107: = R$ | J107: =SUM(I105:I106) -> #REF!
A109: III | B109: INSUMOS, VALE TRANSPORTE E AUXILIO ALIMENTAÇÃO
B111: Motorista | E111: Quant | G111: Valor Mensal | I111: Subtotal
B112: Vale Alimentação/Refeição | E112: 1 | F112: x R$ | G112: =+Dados!#REF! -> #REF! | H112: = R$ | I112: =E112*G112 -> #REF!
B113: Lanche | E113: =$E$15 -> 25.089286 | F113: x R$ | G113: =Dados!#REF! -> #REF! | H113: = R$ | I113: =E113*G113 -> #REF!
B114: Vale Transporte | E114: =E112 -> 1 | F114: x R$ | G114: =$E$15*Dados!$I$43*2-0.06*G46 -> 101.87167 | H114: = R$ | I114: =E114*G114 -> 101.87167
B115: Total Motorista | E115: 1 | F115: x R$ | G115: =SUM(I112:I114) -> #REF! | I115: = R$ | J115: =G115 -> #REF!
B117: Coletor | E117: Quant | G117: Valor Mensal | I117: Subtotal
B118: Vale Alimentação/Refeição | E118: 1 | F118: x R$ | G118: =+Dados!$I$13 -> 718.71 | H118: = R$ | I118: =E118*G118 -> 718.71
B119: Lanche | E119: =$E$15 -> 25.089286 | F119: x R$ | G119: =Dados!#REF! -> #REF! | H119: = R$ | I119: =E119*G119 -> #REF!
B120: Vale Transporte | E120: =E118 -> 1 | F120: x R$ | G120: =$E$15*Dados!$I$43*2-0.06*G61 -> 190.36495 | H120: = R$ | I120: =E120*G120 -> 190.36495
B121: Total Coletor | E121: 1 | F121: x R$ | G121: =SUM(I118:I120) -> #REF! | I121: = R$ | J121: =G121 -> #REF!
B124: TOTAL INSUMOS, VALE TRANSPORTE E AUXILIO ALIMENTAÇÃO
E125: Quant | G125: Valor Unitário | I125: Subtotal
B126: Motorista | E126: =E105 -> #REF! | G126: =J115 -> #REF! | I126: =G126*E126 -> #REF!
B127: Coletor | E127: =I38 -> #REF! | G127: =J121 -> #REF! | I127: =G127*E127 -> #REF!
...

Sheet 1.4. CARCAÇAS
A2: COMPOSIÇÃO DE CUSTOS
A4: Remoção de carcaças de animais mortos de grande porte
B7: DADOS OPERACIONAIS
B8: Dias no ano: | C8: 365.25 | D8: dias
B9: Domingos no ano: | C9: =C8/7 -> 52.178571 | D9: domingos
B10: Feriados no ano: | C10: 12 | D10: dias
B11: Média dias normais: | C11: =(C8-C9-C10)/12 -> 25.089286 | D11: dias
B12: Média dias coletas: | C12: =(C8-C9)/12 -> 26.089286 | D12: dias
B14: QUANTIDADE: | C14: =#REF! -> #REF! | D14: remoção/mês | F14: remoção/dia
B15: 1º Turno | C15: 1 | D15: =TRUNC(C14*C15,2) -> #REF! | E15: =C11 -> 25.089286 | F15: =D15 -> #REF!
B16: 2º Turno | C16: =1-C15 -> 0 | D16: =TRUNC(C14*C16,2) -> #REF! | E16: =C12 -> 26.089286 | F16: =ROUNDUP(D16/$E$16,2) -> #REF!
B17: DIAS EFETIVOS:
B19: DIMENSIONAMENTO: | F19: GUARNIÇÕES:
B20: CAPACIDADE: | C20: 1 | D20: remoção/viagem | F20: 1º Turno | G20: =ROUNDUP(F15/$C$22,0) -> #REF!
B21: Q. VIAGENS: | C21: 1 | D21: viagens | F21: 2º Turno | G21: =ROUND(F16/$C$22,0) -> #REF!
B22: PROD xTURNO: | C22: =TRUNC(C20*C21,2) -> 1 | D22: t/turno
B24: Veículos
B26: Caminhão Carroceria Munck | D26: Quantidade | E26: Reserva | F26: Km/dia por Veíc. | G26: Km por mês | H26: Efetivo | I26: Reserva
B27: 1º Turno | D27: =G20 -> #REF! | E27: 0 | F27: 180 | G27: =(F27*$E$15*D27) -> #REF! | H27: =D27 -> #REF! | I27: =ROUNDUP(D27*E27,0) -> #REF!
B28: 2º Turno | D28: =G21 -> #REF! | E28: 0 | F28: 0 | G28: =(F28*$E$15*D28) -> #REF! | H28: =D28 -> #REF! | I28: =ROUNDUP(D28*E28,0) -> #REF!
B29: Domingos | D29: 0 | E29: 0 | F29: 0 | G29: =F29*D29 -> 0 | H29: =D29 -> 0 | I29: =ROUNDUP(D29*E29,0) -> 0
B30: Total de Km/mês | G30: =SUM(G27:G28) -> #REF!
B32: Mão de Obra | H32: Reserva Téc: | I32: 0.025
B34: Mão de Obra Direta | D34: Motorista | G34: Coletor
D35: Quantidade | E35: Reserva | F35: Total | G35: Quantidade | H35: Reserva | I35: Total
B36: 1º Turno | D36: =ROUNDUP(+D27,0) -> #REF! | E36: =ROUNDUP(D36*$I$32,1) -> #REF! | F36: =ROUND(D36+E36,0) -> #REF! | G36: =D36*3 -> #REF! | H36: =ROUNDUP(G36*$I$32,1) -> #REF! | I36: =ROUND(G36+H36,0) -> #REF!
B37: 2º Turno | D37: =ROUNDUP(+D28,0) -> #REF! | E37: =ROUNDUP(D37*$I$32,1) -> #REF! | F37: =ROUND(D37+E37,0) -> #REF! | G37: =D37*1 -> #REF! | H37: =ROUNDUP(G37*$I$32,1) -> #REF! | I37: =ROUND(G37+H37,0) -> #REF!
B38: Total de Funcionários | F38: =SUM(F36:F37) -> #REF! | I38: =SUM(I36:I37) -> #REF!
G40: 0
A43: I | B43: PESSOAL, REMUNERAÇÃO E ENCARGOS SOCIAIS
B45: Motorista | E45: Quant | G45: Valor Mensal | I45: Subtotal
B46: Salário Base | E46: 1 | F46: x R$ | G46: =+Dados!$I$7 -> 3319.996 | H46: = R$ | I46: =E46*G46 -> 3319.996
B47: Hora Extra | E47: 0 | F47: x R$ | G47: =G46/220*1.5 -> 22.636336 | H47: = R$ | I47: =E47*G47 -> 0
B48: Reflexo no DSR - H.E. 50% | E48: =((E47/26.08)*(($C$9+$C$10)/12)) -> 0 | F48: x R$ | G48: =((G46+G49)/220*1.5) -> 24.846791 | H48: = R$ | I48: =E48*G48 -> 0
B49: Insalubridade (% Sal. Mín.) | D49: 0.2 | E49: =E46 -> 1 | F49: x R$ | G49: =+Dados!$I$45*D49 -> 324.2 | H49: = R$ | I49: =E49*G49 -> 324.2
B50: Domingos/Feriados - H.E. 100% | E50: 0 | F50: x R$ | G50: =(G46+G49)/220*2 -> 33.129055 | H50: = R$ | I50: =E50*G50 -> 0
B51: Reflexo no DSR - H.E. 100% | E51: =((E50/26.08)*(($C$9+$C$10)/12)) -> 0 | F51: x R$ | G51: =((G46+G49)/220*2) -> 33.129055 | H51: = R$ | I51: =E51*G51 -> 0
B52: Adicional Noturno | E52: =F37/F38 -> #REF! | F52: x R$ | G52: =G46*14.48% -> 480.73542 | H52: = R$ | I52: =E52*G52 -> #REF!
B53: Encargos Sociais | D53: =Encargos!$D$37 -> 0.7302 | H53: = R$ | I53: =TRUNC(SUM(I46:I52)*D53,2) -> #REF!
B54: Assistência Médica e Seguro de Vida | E54: 1 | F54: x R$ | G54: =+Dados!$I$14 -> 265.6 | H54: = R$ | I54: =E54*G54 -> 265.6
B55: Benefício Social | E55: 1 | F55: x R$ | G55: =+Dados!#REF! -> #REF! | H55: = R$ | I55: =E55*G55 -> #REF!
B56: PPR | D56: =+'1. RSD'!$D$62 -> 0 | E56: 1 | G56: =G46*D56 -> 0 | H56: = R$ | I56: =E56*G56 -> 0
B57: Gratificação | E57: 1 | F57: x R$ | G57: =+Dados!#REF! -> #REF! | H57: = R$ | I57: =E57*G57 -> #REF!
B58: Total Motorista | F58: x R$ | G58: =SUM(I46:I58) -> #REF! | I58: = R$ | J58: =G58 -> #REF!
B60: Coletor | E60: Quant | G60: Valor Mensal | I60: Subtotal
B61: Salário Base | E61: 1 | F61: x R$ | G61: =+Dados!$I$8 -> 1845.108 | H61: = R$ | I61: =E61*G61 -> 1845.108
B62: Hora Extra | E62: 0 | F62: x R$ | G62: =G61/220*1.5 -> 12.580282 | H62: = R$ | I62: =E62*G62 -> 0
B63: Reflexo no DSR - H.E. 50% | E63: =((E62/26.08)*(($C$9+$C$10)/12)) -> 0 | F63: x R$ | G63: =((G61+G64)/220*1.5) -> 17.001191 | H63: = R$ | I63: =E63*G63 -> 0
B64: Insalubridade (% Sal. Mín.) | D64: 0.4 | E64: =E61 -> 1 | F64: x R$ | G64: =+Dados!$I$45*D64 -> 648.4 | H64: = R$ | I64: =E64*G64 -> 648.4
B65: Domingos/Feriados | E65: 0 | F65: x R$ | G65: =G61/220*2 -> 16.773709 | H65: = R$ | I65: =E65*G65 -> 0
B66: Reflexo no DSR - H.E. 100% | E66: =((E65/26.08)*(($C$9+$C$10)/12)) -> 0 | F66: x R$ | G66: =((G61+G64)/220*2) -> 22.668255 | H66: = R$ | I66: =E66*G66 -> 0
B67: Adicional Noturno | E67: =I37/I38 -> #REF! | F67: x R$ | G67: =G61*14.48% -> 267.17164 | H67: = R$ | I67: =E67*G67 -> #REF!
B68: Encargos Sociais | D68: =Encargos!$D$37 -> 0.7302 | H68: = R$ | I68: =TRUNC(SUM(I61:I67)*D68,2) -> #REF!
B69: Assistência Médica e Seguro de Vida | E69: 1 | F69: x R$ | G69: =+Dados!$I$14 -> 265.6 | H69: = R$ | I69: =E69*G69 -> 265.6
B70: Benefício Social | E70: 1 | F70: x R$ | G70: =+Dados!#REF! -> #REF! | H70: = R$ | I70: =E70*G70 -> #REF!
B71: PPR | D71: =+Dados!$I$17 -> 29.699167 | E71: 1 | G71: =G61*D71 -> 54798.17 | H71: = R$ | I71: =E71*G71 -> 54798.17
B72: Total Coletor | F72: x R$ | G72: =SUM(I61:I72) -> #REF! | I72: = R$ | J72: =G72 -> #REF!
B74: TOTAL PESSOAL, REMUNERAÇÃO E ENCARGOS SOCIAIS
E75: Quant | G75: Valor Unitário | I75: Subtotal
B76: Motorista | E76: =F38 -> #REF! | G76: =J58 -> #REF! | I76: =G76*E76 -> #REF!
B77: Coletor | E77: =I38 -> #REF! | G77: =J72 -> #REF! | I77: =G77*E77 -> #REF!
I78: = R$ | J78: =SUM(I76:I77) -> #REF!
H79: Custo Dia | I79: = R$ | J79: =J78/C12 -> #REF!
A81: II | B81: UNIFORMES E EPI'S
B83: Motorista | E83: Quant | G83: Valor Unit | I83: Subtotal
D84: Calça | E84: 3 | F84: un./ano x R$ | G84: =+Dados!$I$21 -> 99.21 | H84: /un. ÷ 12 | I84: =E84*G84/12 -> 24.8025
D85: Camisa | E85: 3 | F85: un./ano x R$ | G85: =+Dados!$I$22 -> 99.21 | H85: /un. ÷ 12 | I85: =E85*G85/12 -> 24.8025
D86: Boné | E86: 2 | F86: un./ano x R$ | G86: =+Dados!$I$22 -> 99.21 | H86: /un. ÷ 13 | I86: =E86*G86/12 -> 16.535
D87: Sapato | E87: 4 | F87: par/ano x R$ | G87: =+Dados!$I$23 -> 84.88 | H87: /par ÷ 12 | I87: =E87*G87/12 -> 28.293333
B88: Custo Uniformes Motorista | E88: 1 | F88: Motorista | H88: x R$ | I88: =SUM(I84:I87) -> 94.433333 | J88: =E88*I88 -> 94.433333
B90: Coletor | E90: Quant | G90: Valor Unit | I90: Subtotal
D91: Calça | E91: 6 | F91: un./ano x R$ | G91: =+Dados!$I$21 -> 99.21 | H91: /un. ÷ 12 | I91: =E91*G91/12 -> 49.605
D92: Boné | E92: 2 | F92: un./ano x R$ | G92: =+Dados!$I$24 -> 28.61 | H92: /un. ÷ 12 | I92: =E92*G92/12 -> 4.7683333
D93: Bota | E93: 6 | F93: par/ano x R$ | G93: =+Dados!#REF! -> #REF! | H93: /par ÷ 12 | I93: =E93*G93/12 -> #REF!
D94: Camisa | E94: 6 | F94: un./ano x R$ | G94: =+Dados!$I$22 -> 99.21 | H94: /un. ÷ 12 | I94: =E94*G94/12 -> 49.605
D95: Capa de PVC | E95: 2 | F95: un./ano x R$ | G95: =+Dados!$I$25 -> 23.09 | H95: /un. ÷ 12 | I95: =E95*G95/12 -> 3.8483333
D96: Colete Refletivo | E96: 2 | F96: un./ano x R$ | G96: =+Dados!$I$26 -> 18.18 | H96: /un. ÷ 12 | I96: =E96*G96/12 -> 3.03
D97: Protetor solar | E97: 12 | F97: un./ano x R$ | G97: =+Dados!$I$46 -> 12.387 | H97: /un. ÷ 12 | I97: =E97*G97/12 -> 12.387
D98: Luva | E98: 12 | F98: par/ano x R$ | G98: =+Dados!$I$27 -> 12.49 | H98: /par ÷ 12 | I98: =E98*G98/12 -> 12.49
D99: Lavagem conforme NR38 | E99: =E91+E94+E92 -> 14 | F99: par/ano x R$ | G99: =+Dados!#REF! -> #REF! | H99: /par ÷ 13 | I99: =E99*G99/12 -> #REF!
B100: Custo Uniformes - Coletor | E100: 1 | H100: x R$ | I100: =SUM(I91:I99) -> #REF! | J100: =E100*I100 -> #REF!
B103: TOTAL UNIFORMES E EPI'S
E104: Quant | G104: Valor Unitário | I104: Subtotal
B105: Motorista | E105: =F38 -> #REF! | G105: =J88 -> 94.433333 | I105: =G105*E105 -> #REF!
B106: Coletor | E106: =I38 -> #REF! | G106: =J100 -> #REF! | I106: =G106*E106 -> #REF!
I107: = R$ | J107: =SUM(I105:I106) -> #REF!
H108: Custo Dia | I108: = R$ | J108: =J107/$C$12 -> #REF!
A110: III | B110: INSUMOS, VALE TRANSPORTE E AUXILIO ALIMENTAÇÃO
B112: Motorista | E112: Quant | G112: Valor Mensal | I112: Subtotal
B113: Vale Alimentação/Refeição | E113: 1 | F113: x R$ | G113: =+Dados!#REF! -> #REF! | H113: = R$ | I113: =E113*G113 -> #REF!
B114: Lanche | E114: =$E$15 -> 25.089286 | F114: x R$ | G114: =Dados!#REF! -> #REF! | H114: = R$ | I114: =E114*G114 -> #REF!
B115: Vale Transporte | E115: =E113 -> 1 | F115: x R$ | G115: =$E$15*Dados!$I$43*2-0.06*G46 -> 101.87167 | H115: = R$ | I115: =E115*G115 -> 101.87167
B116: Total Motorista | E116: 1 | F116: x R$ | G116: =SUM(I113:I115) -> #REF! | I116: = R$ | J116: =G116 -> #REF!
B118: Coletor | E118: Quant | G118: Valor Mensal | I118: Subtotal
B119: Vale Alimentação/Refeição | E119: 1 | F119: x R$ | G119: =+Dados!$I$13 -> 718.71 | H119: = R$ | I119: =E119*G119 -> 718.71
B120: Lanche | E120: =$E$15 -> 25.089286 | F120: x R$ | G120: =Dados!#REF! -> #REF! | H120: = R$ | I120: =E120*G120 -> #REF!
B121: Vale Transporte | E121: =E119 -> 1 | F121: x R$ | G121: =$E$15*Dados!$I$43*2-0.06*G61 -> 190.36495 | H121: = R$ | I121: =E121*G121 -> 190.36495
B122: Total Coletor | E122: 1 | F122: x R$ | G122: =SUM(I119:I121) -> #REF! | I122: = R$ | J122: =G122 -> #REF!
B125: TOTAL INSUMOS, VALE TRANSPORTE E AUXILIO ALIMENTAÇÃO
E126: Quant | G126: Valor Unitário | I126: Subtotal
...
